 Dungeon Crawl Stone Soup version 0.29.0-4-gdea44cf6ec (webtiles) character file.

Game seed: 423981104677114804

19303 qw the Brawler (level 12, 114/114 HPs)
             Began as a Troll Cinder Acolyte on Aug 31, 2022.
             Was an Initiate of Ignis.
             Quit the game on level 1 of the Lair of Beasts.
             The game lasted 00:18:52 (10605 turns).

qw the Brawler (Troll Cinder Acolyte)              Turns: 10605, Time: 00:18:53

Health: 114/114    AC:  9    Str: 29    XL:     12   Next: 35%
Magic:  12/12      EV:  3    Int: 10    God:    Ignis [......]
Gold:   1021       SH: 27    Dex:  5    Spells: 13/13 levels left

rFire   + + .      SeeInvis +     - Unarmed
rCold   + . .      Faith    .   c - +18 shield of the Gong {rElec rN+ Will+ EV-5}
rNeg    + . .      Spirit   .   b - +2 robe {rC+ rF+}
rPois   .          Reflect  .   (helmet restricted)
rElec   +          Harm     .   p - +2 cloak
rCorr   .          Rampage  .   (gloves unavailable)
Will    ++...                   (boots unavailable)
Stlth   +.........              (no amulet)
HPRegen 1.09/turn               r - ring of see invisible
MPRegen 0.13/turn               d - ring of willpower

@: no status effects
A: large, unfitting armour, claws 3, regeneration 1, shaggy fur 1, tough skin 1
a: Renounce Religion, Rising Flame


You were on level 1 of the Lair of Beasts.
You worshipped Ignis.
Ignis was noncommittal.
You visited 2 branches of the dungeon, and saw 13 of its levels.

You collected 1142 gold pieces.
You spent 121 gold pieces at shops.


Innate Abilities, Weirdness & Mutations

You are too large for most types of armour.
You have claws for hands.
Your natural rate of healing is unusually fast.
You are covered in fur. (AC +1)
You have tough skin. (AC +1)


   Skills:
 - Level 6.0 Fighting
 - Level 5.0 Throwing
 - Level 1.2 Armour
 - Level 1.4 Dodging
 + Level 10.1 Shields
 - Level 15.0 Unarmed Combat
 - Level 1.0 Spellcasting
 - Level 2.1 Fire Magic


You had 13 spell levels left.
You didn't know any spells.
Your spell library contained the following spells:

 Spells                   Type           Power      Damage    Failure   Level
 Scorch                   Fire           8%         2d5       36%         2

Inventory:

Missiles
 n - 13 boomerangs (quivered)
Armour
 a - a +0 troll leather armour
 b - a +2 robe of resistance (worn)
 c - the +18 shield of the Gong (worn) {rElec rN+ Will+ EV-5}
   (You acquired it on level 3 of the Dungeon)

   It is deafeningly noisy when blocking attacks.
   EV:        It affects your evasion (-5).
   rElec:     It insulates you from electricity.
   rN:        It protects you from negative energy.
   Will:      It increases your willpower.
 m - a scarf of resistance
 p - a +2 cloak (worn)
Jewellery
 d - a ring of willpower (right claw)
 o - a ring of ice
 q - a ring of resist corrosion
 r - a ring of see invisible (left claw)
Scrolls
 f - 5 scrolls of identify
 l - a scroll of enchant armour
Potions
 e - 5 potions of curing
 g - 3 potions of haste
 i - 2 potions of heal wounds
 j - a potion of mutation
 k - 3 potions of cancellation

Dungeon Overview and Level Annotations

Branches:
Dungeon (11/15)            Temple (0/1) D:6            Lair (2/5) D:11
 Spider (0/4) Lair:2
  Swamp: Lair:2-3    Shoals: Lair:2-3       Orc: D:9-12

Altars:
Dithmenos
Gozag
Okawaru
Ru
Sif Muna
Yredelemnul

Shops:
D:2 !

Annotations:
D:4 2 runed translucent doors, qw's ghost, amateur TrCA
D:6 Eustachio


Message History

Sorry, I don't know how to get there.
Done exploring.
Done exploring.
10596 ||| Stepping randomly (stuck).
Sorry, I don't know how to get there.
Done exploring.
Done exploring.
10597 ||| Stepping randomly (stuck).
Sorry, I don't know how to get there.
Done exploring.
Done exploring.
10598 ||| Stepping randomly (stuck).
Sorry, I don't know how to get there.
Done exploring.
Done exploring.
10599 ||| Stepping randomly (stuck).
Sorry, I don't know how to get there.
Done exploring.
Done exploring.
10600 ||| Stepping randomly (stuck).
Sorry, I don't know how to get there.
Done exploring.
Done exploring.
10601 ||| Stepping randomly (stuck).
Sorry, I don't know how to get there.
Done exploring.
Done exploring.
10602 ||| Stepping randomly (stuck).
Sorry, I don't know how to get there.
Done exploring.
Done exploring.
10603 ||| Stepping randomly (stuck).
Sorry, I don't know how to get there.
Done exploring.
Done exploring.
10604 ||| Stepping randomly (stuck).
Sorry, I don't know how to get there.
Done exploring.
Done exploring.
Are you sure you want to abandon this character and quit the game? (Confirm with "yes".)

##.........#.#....#.}.###........
#................###### ##.......
#............#....#..^# #...##...
#.................<...###...##...
#.....................##.....#...
#............#........##....##...
#............###..###.##.........
#............# #..###.##.........
.............# #@.##..##.....#...
#............###..###.#.....##...
#.............##..##........#....
#.............##..####......##...
##....##.........................
#....##.........................
##.#.###.................:.......
.............~~P~..~.P~~.........
.......(.....~~P~..~~~~~.........


There were no monsters in sight!

Vanquished Creatures
  2 hydras
  2 two-headed ogres
  Lodul (D:10)
  Pikel (D:7)
  A wolf spider (Lair:2)
  A black mamba (Lair:1)
  5 cane toads (Lair:1)
  2 komodo dragons
  Psyche (D:8)
  An efreet (D:9)
  3 trolls
  A hornet (D:8)
  7 blink frogs (Lair:1)
  A water elemental (D:11)
  Sigmund (D:2)
  A vampire (D:10)
  A wraith (D:11)
  A wyvern (Lair:1)
  21 yaks
  2 basilisks
  2 vampire mosquitoes (D:11)
  Menkaure (D:6)
  A steam dragon (D:9)
  8 water moccasins
  3 orc warriors
  A black bear (D:7)
  An ice beast (D:8)
  9 ogres
  2 centaurs
  17 wolves (Lair:1)
  A lemure (D:7)
  3 kobold brigands
  11 bullfrogs
  A gnoll sergeant (D:8)
  2 scorpions
  4 wights (D:9)
  5 killer bees (D:9)
  2 electric eels (D:11)
  A howler monkey (D:11)
  3 hounds
  5 orc priests
  A gnoll bouda (D:5)
  3 jellies (D:5)
  4 iguanas
  5 orc wizards
  16 gnolls
  7 adders
  2 river rats (D:5)
  A shadow imp (D:4)
  2 white imps
  2 ufetubi
  2 worms (D:5)
  2 dart slugs (D:2)
  32 orcs
  5 endoplasms
  8 giant cockroaches
  7 goblins
  4 hobgoblins
  6 jackals
  8 quokkas
  10 ball pythons
  6 bats
  3 frilled lizards
  21 kobolds
  7 rats
303 creatures vanquished.

Vanquished Creatures (others)
  3 orcs
  7 fungi
  9 plants
19 creatures vanquished.

Grand Total: 322 creatures vanquished

Notes
Turn   | Place    | Note
-------+----------+-------------------------------------------
     0 | D:1      | qw the Troll Cinder Acolyte began the quest for the Orb.
     0 | D:1      | Reached XP level 1. HP: 22/22 MP: 1/1
     0 | D:1      | 0 ||| qw: Version: 0.1-a-97-g2dd2ca4
     0 | D:1      | 0 ||| qw: Game counter: 4552
     0 | D:1      | 0 ||| qw: Always use a shield: true
     0 | D:1      | 0 ||| qw: God list: Okawaru
     0 | D:1      | 0 ||| qw: Allow faded altars: false
     0 | D:1      | 0 ||| qw: Do Orc after D:15 true
     0 | D:1      | 0 ||| qw: Do second Lair branch before Depths: true
     0 | D:1      | 0 ||| qw: Lair rune preference: random
     0 | D:1      | 0 ||| qw: Plans: Normal
     0 | D:1      | 0 ||| PLANNING D:1-11
   134 | D:1      | 134 ||| Stepping ~*~*~tactically~*~*~ (outnumbered).
   135 | D:1      | 135 ||| Stepping ~*~*~tactically~*~*~ (outnumbered).
   136 | D:1      | 136 ||| Stepping ~*~*~tactically~*~*~ (outnumbered).
   137 | D:1      | 137 ||| Stepping ~*~*~tactically~*~*~ (outnumbered).
   138 | D:1      | 138 ||| Stepping ~*~*~tactically~*~*~ (outnumbered).
   139 | D:1      | 139 ||| Stepping ~*~*~tactically~*~*~ (outnumbered).
   140 | D:1      | 140 ||| Stepping ~*~*~tactically~*~*~ (outnumbered).
   141 | D:1      | 141 ||| Stepping ~*~*~tactically~*~*~ (outnumbered).
   142 | D:1      | 142 ||| Stepping ~*~*~tactically~*~*~ (outnumbered).
   182 | D:1      | Reached XP level 2. HP: 29/29 MP: 2/2
   309 | D:1      | Reached skill level 4 in Unarmed Combat
   492 | D:1      | 492 ||| Stepping ~*~*~tactically~*~*~ (stealth).
   496 | D:1      | 496 ||| Stepping ~*~*~tactically~*~*~ (stealth).
   503 | D:1      | Reached XP level 3. HP: 36/36 MP: 3/3
   503 | D:1      | 503 ||| Stepping ~*~*~tactically~*~*~ (stealth).
   505 | D:1      | 505 ||| Stepping ~*~*~tactically~*~*~ (stealth).
   517 | D:1      | 517 ||| Stepping ~*~*~tactically~*~*~ (stealth).
   579 | D:1      | Found a faded altar of an unknown god.
   704 | D:1      | 704 ||| DROPPING amulet of magic regeneration.
   705 | D:1      | 705 ||| DROPPING ring of wizardry.
   706 | D:1      | 706 ||| UPGRADING to ring of resist corrosion.
   707 | D:1      | 707 ||| READING scroll labelled KUIQAUT SIZE.
   726 | D:1      | 726 ||| READING scroll labelled OCUSES ZOGEUC.
   727 | D:1      | 727 ||| READING scroll labelled ZIHORGH DEUGOEC.
   728 | D:1      | 728 ||| READING scroll labelled RAAT MY BAAS.
   729 | D:1      | 729 ||| READING scroll labelled LAMUTA QUNGENO.
   730 | D:1      | 730 ||| Stepping randomly (stuck).
   731 | D:1      | 731 ||| Stepping ~*~*~tactically~*~*~ (cloud).
   832 | D:2      | Noticed Sigmund
   833 | D:2      | 833 ||| Stepping ~*~*~tactically~*~*~ (hiding).
   834 | D:2      | 834 ||| Stepping ~*~*~tactically~*~*~ (hiding).
   837 | D:2      | 837 ||| INVOKING Fiery Armour.
   845 | D:2      | Killed Sigmund
   846 | D:2      | Reached skill level 6 in Unarmed Combat
   846 | D:2      | Reached XP level 4. HP: 28/44 MP: 4/4
   846 | D:2      | Reached XP level 5. HP: 32/50 MP: 5/5
  1116 | D:2      | 1116 ||| Stepping ~*~*~tactically~*~*~ (stealth).
  1121 | D:2      | 1121 ||| Stepping ~*~*~tactically~*~*~ (outnumbered).
  1122 | D:2      | 1122 ||| Stepping ~*~*~tactically~*~*~ (outnumbered).
  1123 | D:2      | 1123 ||| Stepping ~*~*~tactically~*~*~ (outnumbered).
  1124 | D:2      | 1124 ||| Stepping ~*~*~tactically~*~*~ (outnumbered).
  1126 | D:2      | 1126 ||| Stepping ~*~*~tactically~*~*~ (outnumbered).
  1148 | D:2      | 1148 ||| Stepping ~*~*~tactically~*~*~ (hiding).
  1179 | D:2      | 1179 ||| Stepping ~*~*~tactically~*~*~ (stealth).
  1206 | D:2      | 1206 ||| Stepping ~*~*~tactically~*~*~ (stealth).
  1207 | D:2      | 1207 ||| Stepping ~*~*~tactically~*~*~ (stealth).
  1275 | D:2      | Found Xuschemo's Distillery.
  1279 | D:2      | 1279 ||| BUYING potion of cancellation (88 gold).
  1279 | D:2      | Bought a potion of cancellation for 88 gold pieces
  1279 | D:2      | 1279 ||| BUYING potion of curing (33 gold).
  1279 | D:2      | Bought a potion of curing for 33 gold pieces
  1279 | D:2      | 1279 ||| SHOPLISTING potion of heal wounds (55 gold, have
                  | 3).
  1279 | D:2      | 1279 ||| SHOPLISTING potion of might (44 gold, have 3).
  1279 | D:2      | 1279 ||| SHOPLISTING potion of mutation (88 gold, have 3).
  1279 | D:2      | 1279 ||| SHOPLISTING potion of resistance (110 gold, have
                  | 3).
  1317 | D:2      | 1317 ||| READING scroll labelled EKEIV WINEVYOC.
  1318 | D:2      | 1318 ||| READING scroll labelled KIAMIPPINTO.
  1319 | D:2      | 1319 ||| READING scroll labelled MUYN YBLUO.
  1324 | D:2      | 1324 ||| DRINKING 2 white potions.
  1429 | D:2      | 1429 ||| DRINKING 2 fuming sapphire potions.
  1530 | D:2      | 1530 ||| DROPPING potion of berserk rage.
  1531 | D:2      | 1531 ||| DROPPING potion of ambrosia.
  1746 | D:3      | Found an iron altar of Okawaru.
  1786 | D:3      | 1786 ||| Stepping ~*~*~tactically~*~*~ (stealth).
  1806 | D:3      | 1806 ||| Stepping ~*~*~tactically~*~*~ (stealth).
  1909 | D:3      | Reached XP level 6. HP: 51/59 MP: 6/6
  2035 | D:3      | 2035 ||| DROPPING ring of magical power.
  2036 | D:3      | 2036 ||| READING scroll labelled LATA PEZOSOLIU.
  2037 | D:3      | 2037 ||| READING scroll labelled RAPEAWKOTA.
  2037 | D:3      | Identified a scroll of acquirement
  2037 | D:3      | 2037 ||| ACQUIRING +18 shield of the Gong {rElec rN+ Will+
                  | EV-5}
  2037 | D:3      | Acquired the +18 shield of the Gong {rElec rN+ Will+ EV-5}
  2037 | D:3      | Found the +18 shield of the Gong {rElec rN+ Will+ EV-5}
  2039 | D:3      | 2039 ||| UPGRADING to +18 shield of the Gong {rElec rN+
                  | Will+ EV-5}.
  2044 | D:3      | 2044 ||| DRINKING 2 murky ruby potions.
  2045 | D:3      | 2045 ||| DROPPING potion of flight.
  2090 | D:4      | 2090 ||| Stepping ~*~*~tactically~*~*~ (hiding).
  2102 | D:4      | 2102 ||| Stepping ~*~*~tactically~*~*~ (outnumbered).
  2107 | D:4      | Reached skill level 1 in Shields
  2107 | D:4      | 2107 ||| INVOKING Fiery Armour.
  2199 | D:4      | Found a sacrificial altar of Ru.
  2454 | D:4      | Found a large runed translucent door.
  2455 | D:4      | Found a large runed translucent door.
  2467 | D:4      | Noticed qw's ghost (amateur TrCA)
  2701 | D:4      | 2701 ||| READING scroll labelled RODORE YSISHRE.
  2718 | D:5      | Entered Level 5 of the Dungeon
  2719 | D:5      | 2719 ||| PLANNING SEWER
  2754 | D:5      | Noticed a water moccasin
  2778 | D:5      | Killed a water moccasin
  2779 | D:5      | Reached skill level 3 in Shields
  2783 | D:5      | 2783 ||| Stepping ~*~*~tactically~*~*~ (outnumbered).
  2784 | D:5      | 2784 ||| Stepping ~*~*~tactically~*~*~ (hiding).
  2785 | D:5      | 2785 ||| FLEEEEING.
  2786 | D:5      | 2786 ||| FLEEEEING.
  2787 | D:5      | 2787 ||| FLEEEEING.
  2788 | D:5      | 2788 ||| FLEEEEING.
  2798 | D:5      | Reached XP level 7. HP: 66/66 MP: 7/7
  2802 | D:5      | 2802 ||| Stepping ~*~*~tactically~*~*~ (hiding).
  2807 | D:5      | 2807 ||| Stepping ~*~*~tactically~*~*~ (stealth).
  2817 | D:5      | 2817 ||| Stepping ~*~*~tactically~*~*~ (outnumbered).
  2872 | D:5      | 2872 ||| Stepping ~*~*~tactically~*~*~ (outnumbered).
  2873 | D:5      | 2873 ||| Stepping ~*~*~tactically~*~*~ (outnumbered).
  2874 | D:5      | 2874 ||| Stepping ~*~*~tactically~*~*~ (outnumbered).
  2878 | D:5      | 2878 ||| Stepping ~*~*~tactically~*~*~ (outnumbered).
  2880 | D:5      | 2880 ||| Stepping ~*~*~tactically~*~*~ (outnumbered).
  2881 | D:5      | 2881 ||| Stepping ~*~*~tactically~*~*~ (outnumbered).
  2975 | D:5      | 2975 ||| Stepping ~*~*~tactically~*~*~ (hiding).
  2978 | D:5      | 2978 ||| Stepping ~*~*~tactically~*~*~ (hiding).
  2980 | D:5      | 2980 ||| FLEEEEING.
  2981 | D:5      | 2981 ||| FLEEEEING.
  2982 | D:5      | 2982 ||| FLEEEEING.
  2983 | D:5      | 2983 ||| FLEEEEING.
  2984 | D:5      | 2984 ||| FLEEEEING.
  2985 | D:5      | 2985 ||| FLEEEEING.
  2986 | D:5      | 2986 ||| FLEEEEING.
  2987 | D:5      | 2987 ||| FLEEEEING.
  3134 | D:5      | 3134 ||| Stepping ~*~*~tactically~*~*~ (stealth).
  3284 | D:5      | Reached skill level 7 in Unarmed Combat
  3356 | D:5      | 3356 ||| Stepping ~*~*~tactically~*~*~ (stealth).
  3433 | D:5      | You fall into a shaft and drop 3 floors!
  3474 | D:8      | Noticed Psyche
  3492 | D:8      | 3492 ||| INVOKING Fiery Armour.
  3496 | D:8      | 3496 ||| DRINKING 4 potions of curing.
  3496 | D:8      | 3496 ||| (to cure confusion)
  3501 | D:8      | HP: 11/66 [something (16)]
  3502 | D:8      | 3502 ||| READING scroll of teleportation.
  3512 | D:8      | HP: 10/66 [ice beast (9)]
  3515 | D:8      | Reached XP level 8. HP: 14/74 MP: 8/8
  3526 | D:8      | HP: 18/74 [poisoned by Psyche]
  3527 | D:8      | Killed Psyche
  3528 | D:8      | Reached skill level 6 in Shields
  3531 | D:8      | HP: 13/74 [poisoned by Psyche]
  3561 | D:8      | 3561 ||| Stepping ~*~*~tactically~*~*~ (hiding).
  3588 | D:8      | 3588 ||| Stepping ~*~*~tactically~*~*~ (stealth).
  3600 | D:8      | 3600 ||| RIP SEWER
  3600 | D:8      | 3600 ||| PLANNING D:1-11
  3600 | D:8      | 3600 ||| UPGRADING to +2 robe of resistance.
  3610 | D:8      | 3610 ||| DROPPING +0 robe.
  3611 | D:8      | 3611 ||| DRINKING 2 golden potions.
  3612 | D:8      | 3612 ||| READING 2 scrolls of identify.
  3612 | D:8      | 3612 ||| IDENTIFYING amethyst potion
  3613 | D:8      | 3613 ||| DROPPING potion of brilliance.
  3645 | D:6      | 3645 ||| Stepping ~*~*~tactically~*~*~ (outnumbered).
  3646 | D:6      | 3646 ||| Stepping ~*~*~tactically~*~*~ (outnumbered).
  3647 | D:6      | 3647 ||| Stepping ~*~*~tactically~*~*~ (outnumbered).
  3648 | D:6      | 3648 ||| Stepping ~*~*~tactically~*~*~ (outnumbered).
  3649 | D:6      | 3649 ||| Stepping ~*~*~tactically~*~*~ (outnumbered).
  3650 | D:6      | 3650 ||| Stepping ~*~*~tactically~*~*~ (outnumbered).
  3654 | D:6      | 3654 ||| Stepping ~*~*~tactically~*~*~ (outnumbered).
  3655 | D:6      | 3655 ||| Stepping ~*~*~tactically~*~*~ (outnumbered).
  3656 | D:6      | 3656 ||| Stepping ~*~*~tactically~*~*~ (outnumbered).
  3657 | D:6      | 3657 ||| Stepping ~*~*~tactically~*~*~ (outnumbered).
  3658 | D:6      | 3658 ||| Stepping ~*~*~tactically~*~*~ (outnumbered).
  3659 | D:6      | 3659 ||| INVOKING Fiery Armour.
  3674 | D:6      | Noticed Menkaure
  3683 | D:6      | Killed Menkaure
  3706 | D:6      | 3706 ||| Stepping ~*~*~tactically~*~*~ (stealth).
  3707 | D:6      | 3707 ||| Stepping ~*~*~tactically~*~*~ (stealth).
  3716 | D:6      | Reached skill level 8 in Unarmed Combat
  3751 | D:6      | Found a staircase to the Ecumenical Temple.
  3800 | D:6      | 3800 ||| STAIRDANCE
  3801 | D:5      | 3801 ||| RIP SEWER
  3852 | D:5      | Reached skill level 3 in Fighting
  4500 | D:6      | Noticed Eustachio
  4502 | D:6      | 4502 ||| Stepping ~*~*~tactically~*~*~ (outnumbered).
  4505 | D:6      | 4505 ||| Stepping ~*~*~tactically~*~*~ (outnumbered).
  4527 | D:6      | 4527 ||| FLEEEEING.
  4528 | D:6      | 4528 ||| FLEEEEING.
  4533 | D:6      | 4533 ||| Stepping ~*~*~tactically~*~*~ (outnumbered).
  4534 | D:6      | 4534 ||| Stepping ~*~*~tactically~*~*~ (outnumbered).
  4537 | D:6      | 4537 ||| Stepping ~*~*~tactically~*~*~ (outnumbered).
  4538 | D:6      | 4538 ||| Stepping ~*~*~tactically~*~*~ (outnumbered).
  4539 | D:6      | 4539 ||| Stepping ~*~*~tactically~*~*~ (outnumbered).
  4540 | D:6      | 4540 ||| INVOKING Fiery Armour.
  4541 | D:6      | 4541 ||| Stepping ~*~*~tactically~*~*~ (outnumbered).
  4545 | D:6      | 4545 ||| Stepping ~*~*~tactically~*~*~ (outnumbered).
  4547 | D:6      | 4547 ||| Stepping ~*~*~tactically~*~*~ (outnumbered).
  4549 | D:6      | 4549 ||| Stepping ~*~*~tactically~*~*~ (outnumbered).
  4552 | D:6      | HP: 6/75 [ogre/+0 giant spiked club (19)]
  4553 | D:6      | 4553 ||| READING scroll of teleportation.
  4554 | D:6      | 4554 ||| DRINKING potion of heal wounds.
  4555 | D:6      | 4555 ||| Stepping ~*~*~tactically~*~*~ (outnumbered).
  4895 | D:6      | Noticed a troll
  4906 | D:6      | 4906 ||| INVOKING Fiery Armour.
  4908 | D:6      | Killed a troll
  4909 | D:6      | Reached skill level 9 in Unarmed Combat
  4909 | D:6      | Reached XP level 9. HP: 25/81 MP: 9/9
  4975 | D:6      | 4975 ||| READING scroll labelled DAHIGOTI CAIRPH.
  4976 | D:6      | 4976 ||| READING 2 scrolls labelled BOL EJAAHE.
  4977 | D:6      | 4977 ||| DRINKING 2 green potions.
  4978 | D:6      | 4978 ||| DRINKING 3 fuming yellow potions.
  5015 | D:6      | 5015 ||| DROPPING potion of attraction.
  5016 | D:6      | 5016 ||| DROPPING 2 potions of lignification.
  5017 | D:6      | 5017 ||| DROPPING scroll of fear.
  5041 | D:7      | 5041 ||| INVOKING Fiery Armour.
  5044 | D:7      | Reached skill level 1 in Throwing
  5062 | D:7      | Reached skill level 1 in Dodging
  5065 | D:7      | 5065 ||| Stepping ~*~*~tactically~*~*~ (stealth).
  5069 | D:7      | Noticed Pikel
  5074 | D:7      | 5074 ||| Stepping ~*~*~tactically~*~*~ (hiding).
  5077 | D:7      | 5077 ||| Stepping ~*~*~tactically~*~*~ (outnumbered).
  5078 | D:7      | 5078 ||| Stepping ~*~*~tactically~*~*~ (outnumbered).
  5081 | D:7      | 5081 ||| Stepping ~*~*~tactically~*~*~ (outnumbered).
  5088 | D:7      | Killed Pikel
  5089 | D:7      | Reached skill level 10 in Unarmed Combat
  5096 | D:7      | 5096 ||| Stepping ~*~*~tactically~*~*~ (outnumbered).
  5228 | D:7      | 5228 ||| Stepping ~*~*~tactically~*~*~ (stealth).
  5229 | D:7      | 5229 ||| Stepping ~*~*~tactically~*~*~ (stealth).
  5230 | D:7      | 5230 ||| Stepping ~*~*~tactically~*~*~ (stealth).
  5231 | D:7      | 5231 ||| Stepping ~*~*~tactically~*~*~ (stealth).
  5234 | D:7      | 5234 ||| Stepping ~*~*~tactically~*~*~ (stealth).
  5235 | D:7      | 5235 ||| Stepping ~*~*~tactically~*~*~ (stealth).
  5237 | D:7      | 5237 ||| Stepping ~*~*~tactically~*~*~ (hiding).
  5240 | D:7      | 5240 ||| Stepping ~*~*~tactically~*~*~ (hiding).
  5252 | D:7      | 5252 ||| Stepping ~*~*~tactically~*~*~ (outnumbered).
  5508 | D:7      | 5508 ||| UPGRADING to ring of willpower.
  5554 | D:8      | Found a shadowy altar of Dithmenos.
  5587 | D:8      | Reached skill level 3 in Throwing
  5681 | D:8      | 5681 ||| Stepping ~*~*~tactically~*~*~ (hiding).
  5684 | D:8      | 5684 ||| Stepping ~*~*~tactically~*~*~ (hiding).
  5686 | D:8      | 5686 ||| Stepping ~*~*~tactically~*~*~ (hiding).
  5688 | D:8      | 5688 ||| Stepping ~*~*~tactically~*~*~ (hiding).
  5690 | D:8      | Found a shimmering blue altar of Sif Muna.
  6220 | D:8      | 6220 ||| UPGRADING to +0 cloak.
  6225 | D:8      | 6225 ||| READING 3 scrolls of enchant armour.
  6225 | D:8      | 6225 ||| ENCHANTING +0 cloak.
  6226 | D:8      | 6226 ||| READING 2 scrolls of enchant armour.
  6226 | D:8      | 6226 ||| ENCHANTING +1 cloak.
  6227 | D:8      | 6227 ||| UPGRADING to ring of see invisible.
  6229 | D:8      | 6229 ||| READING scroll labelled HOUPAJ UNAH.
  6230 | D:8      | 6230 ||| DRINKING 2 grey potions.
  6231 | D:8      | 6231 ||| READING 4 scrolls of identify.
  6231 | D:8      | 6231 ||| IDENTIFYING coppery potion
  6232 | D:8      | 6232 ||| READING 3 scrolls of identify.
  6232 | D:8      | 6232 ||| IDENTIFYING pink potion
  6233 | D:8      | 6233 ||| DROPPING potion of degeneration.
  6247 | D:9      | Noticed a troll
  6248 | D:9      | 6248 ||| STAIRDANCE
  6257 | D:8      | Reached XP level 10. HP: 92/92 MP: 10/10
  6279 | D:9      | 6279 ||| Stepping ~*~*~tactically~*~*~ (outnumbered).
  6280 | D:9      | 6280 ||| Stepping ~*~*~tactically~*~*~ (outnumbered).
  6285 | D:9      | 6285 ||| INVOKING Fiery Armour.
  6348 | D:9      | Reached skill level 11 in Unarmed Combat
  6404 | D:9      | 6404 ||| Stepping ~*~*~tactically~*~*~ (outnumbered).
  6450 | D:9      | 6450 ||| FLEEEEING.
  6469 | D:9      | 6469 ||| INVOKING Fiery Armour.
  6486 | D:9      | Reached skill level 9 in Shields
  6524 | D:9      | Found a basalt altar of Yredelemnul.
  6698 | D:9      | 6698 ||| Stepping ~*~*~tactically~*~*~ (stealth).
  6737 | D:9      | 6737 ||| Stepping ~*~*~tactically~*~*~ (stealth).
  6895 | D:10     | Entered Level 10 of the Dungeon
  6904 | D:10     | Found an opulent altar of Gozag.
  6953 | D:10     | 6953 ||| Stepping ~*~*~tactically~*~*~ (stealth).
  6954 | D:10     | 6954 ||| Stepping ~*~*~tactically~*~*~ (stealth).
  6955 | D:10     | Noticed Lodul
  6956 | D:10     | 6956 ||| Stepping ~*~*~tactically~*~*~ (stealth).
  6993 | D:10     | Killed Lodul
  6994 | D:10     | Reached skill level 12 in Unarmed Combat
  7193 | D:10     | Noticed a two-headed ogre
  7199 | D:10     | Killed a two-headed ogre
  7265 | D:10     | 7265 ||| Stepping ~*~*~tactically~*~*~ (stealth).
  7267 | D:10     | 7267 ||| Stepping ~*~*~tactically~*~*~ (hiding).
  7276 | D:10     | Reached XP level 11. HP: 101/101 MP: 11/11
  7281 | D:10     | 7281 ||| Stepping ~*~*~tactically~*~*~ (outnumbered).
  7603 | D:10     | 7603 ||| READING scroll of teleportation.
  7634 | D:11     | Noticed a four-headed hydra
  7635 | D:11     | 7635 ||| INVOKING Fiery Armour.
  7642 | D:11     | Killed an eight-headed hydra
  7717 | D:11     | Noticed a two-headed ogre
  7729 | D:11     | Killed a two-headed ogre
  7809 | D:11     | 7809 ||| FLEEEEING.
  7810 | D:11     | 7810 ||| FLEEEEING.
  7833 | D:11     | Found a staircase to the Lair.
  7918 | D:11     | 7918 ||| Stepping ~*~*~tactically~*~*~ (stealth).
  7919 | D:11     | 7919 ||| Stepping ~*~*~tactically~*~*~ (stealth).
  7936 | D:11     | Reached skill level 13 in Unarmed Combat
  8185 | D:11     | 8185 ||| Stepping ~*~*~tactically~*~*~ (stealth).
  8191 | D:11     | Reached skill level 1 in Armour
  8431 | D:11     | 8431 ||| PLANNING LAIR
  8431 | D:11     | 8431 ||| READING scroll labelled ERRUWK HOMIA.
  8432 | D:11     | 8432 ||| READING 6 scrolls of identify.
  8432 | D:11     | 8432 ||| IDENTIFYING bubbling white potion
  8433 | D:11     | 8433 ||| DROPPING potion of invisibility.
  8456 | Lair:1   | Entered Level 1 of the Lair of Beasts
  8464 | Lair:1   | 8464 ||| Stepping ~*~*~tactically~*~*~ (stealth).
  8467 | Lair:1   | 8467 ||| Stepping ~*~*~tactically~*~*~ (outnumbered).
  8470 | Lair:1   | 8470 ||| INVOKING Fiery Armour.
  8471 | Lair:1   | 8471 ||| Stepping ~*~*~tactically~*~*~ (outnumbered).
  8472 | Lair:1   | 8472 ||| Stepping ~*~*~tactically~*~*~ (outnumbered).
  8473 | Lair:1   | 8473 ||| Stepping ~*~*~tactically~*~*~ (outnumbered).
  8476 | Lair:1   | 8476 ||| Stepping ~*~*~tactically~*~*~ (outnumbered).
  8477 | Lair:1   | 8477 ||| Stepping ~*~*~tactically~*~*~ (outnumbered).
  8479 | Lair:1   | 8479 ||| Stepping ~*~*~tactically~*~*~ (outnumbered).
  8480 | Lair:1   | 8480 ||| Stepping ~*~*~tactically~*~*~ (outnumbered).
  8587 | Lair:1   | 8587 ||| Stepping ~*~*~tactically~*~*~ (stealth).
  8614 | Lair:1   | 8614 ||| Stepping ~*~*~tactically~*~*~ (stealth).
  8618 | Lair:1   | 8618 ||| INVOKING Fiery Armour.
  8624 | Lair:1   | Reached skill level 14 in Unarmed Combat
  8631 | Lair:1   | 8631 ||| Stepping ~*~*~tactically~*~*~ (outnumbered).
  8666 | Lair:1   | Reached skill level 6 in Fighting
  8669 | Lair:1   | Reached XP level 12. HP: 61/114 MP: 12/12
  8890 | Lair:1   | 8890 ||| Stepping ~*~*~tactically~*~*~ (stealth).
  8952 | Lair:1   | 8952 ||| Stepping ~*~*~tactically~*~*~ (stealth).
  9460 | Lair:1   | 9460 ||| READING scroll labelled FYCAN VITI.
  9461 | Lair:1   | 9461 ||| READING scroll labelled XEPNAE DOWK.
  9508 | Lair:2   | 9508 ||| INVOKING Fiery Armour.
  9520 | Lair:2   | 9520 ||| Stepping ~*~*~tactically~*~*~ (stealth).
  9529 | Lair:2   | Found a hole to the Spider Nest.
  9530 | Lair:2   | 9530 ||| PLANNING CONVERSION TO OKAWARU
  9530 | Lair:2   | 9530 ||| Stepping randomly (stuck).
  9531 | Lair:2   | 9531 ||| Stepping randomly (stuck).
  9532 | Lair:2   | 9532 ||| Stepping randomly (stuck).
  9533 | Lair:2   | 9533 ||| Stepping randomly (stuck).
  9534 | Lair:2   | 9534 ||| Stepping randomly (stuck).
  9535 | Lair:2   | 9535 ||| Stepping randomly (stuck).
  9536 | Lair:2   | 9536 ||| Stepping randomly (stuck).
  9537 | Lair:2   | 9537 ||| Stepping randomly (stuck).
  9538 | Lair:2   | 9538 ||| Stepping randomly (stuck).
  9538 | Lair:2   | Noticed a seven-headed hydra
  9544 | Lair:2   | Killed a ten-headed hydra
  9545 | Lair:2   | Reached skill level 15 in Unarmed Combat
  9576 | Lair:2   | 9576 ||| Stepping randomly (stuck).
  9577 | Lair:2   | 9577 ||| Stepping randomly (stuck).
  9578 | Lair:2   | 9578 ||| Stepping randomly (stuck).
  9579 | Lair:2   | 9579 ||| Stepping randomly (stuck).
  9580 | Lair:2   | 9580 ||| Stepping randomly (stuck).
  9581 | Lair:2   | 9581 ||| Stepping randomly (stuck).
  9582 | Lair:2   | 9582 ||| Stepping randomly (stuck).
  9583 | Lair:2   | 9583 ||| Stepping randomly (stuck).
  9584 | Lair:2   | 9584 ||| Stepping randomly (stuck).
  9585 | Lair:2   | 9585 ||| Stepping randomly (stuck).
  9586 | Lair:2   | 9586 ||| Stepping randomly (stuck).
  9587 | Lair:2   | 9587 ||| Stepping randomly (stuck).
  9588 | Lair:2   | 9588 ||| Stepping randomly (stuck).
  9589 | Lair:2   | 9589 ||| Stepping randomly (stuck).
  9590 | Lair:2   | 9590 ||| Stepping randomly (stuck).
  9591 | Lair:2   | 9591 ||| Stepping randomly (stuck).
  9592 | Lair:2   | 9592 ||| Stepping randomly (stuck).
  9593 | Lair:2   | 9593 ||| Stepping randomly (stuck).
  9594 | Lair:2   | 9594 ||| Stepping randomly (stuck).
  9595 | Lair:2   | 9595 ||| Stepping randomly (stuck).
  9596 | Lair:2   | 9596 ||| Stepping randomly (stuck).
  9597 | Lair:2   | 9597 ||| Stepping randomly (stuck).
  9598 | Lair:2   | 9598 ||| Stepping randomly (stuck).
  9599 | Lair:2   | 9599 ||| Stepping randomly (stuck).
  9600 | Lair:2   | 9600 ||| Stepping randomly (stuck).
  9601 | Lair:2   | 9601 ||| Stepping randomly (stuck).
  9602 | Lair:2   | 9602 ||| Stepping randomly (stuck).
  9603 | Lair:2   | 9603 ||| Stepping randomly (stuck).
  9604 | Lair:2   | 9604 ||| Stepping randomly (stuck).
  9605 | Lair:2   | 9605 ||| Stepping randomly (stuck).
  9606 | Lair:2   | 9606 ||| Stepping randomly (stuck).
  9607 | Lair:2   | 9607 ||| Stepping randomly (stuck).
  9608 | Lair:2   | 9608 ||| Stepping randomly (stuck).
  9609 | Lair:2   | 9609 ||| Stepping randomly (stuck).
  9610 | Lair:2   | 9610 ||| Stepping randomly (stuck).
  9611 | Lair:2   | 9611 ||| Stepping randomly (stuck).
  9612 | Lair:2   | 9612 ||| Stepping randomly (stuck).
  9613 | Lair:2   | 9613 ||| Stepping randomly (stuck).
  9614 | Lair:2   | 9614 ||| Stepping randomly (stuck).
  9615 | Lair:2   | 9615 ||| Stepping randomly (stuck).
  9616 | Lair:2   | 9616 ||| Stepping randomly (stuck).
  9617 | Lair:2   | 9617 ||| Stepping randomly (stuck).
  9618 | Lair:2   | 9618 ||| Stepping randomly (stuck).
  9619 | Lair:2   | 9619 ||| Stepping randomly (stuck).
  9620 | Lair:2   | 9620 ||| Stepping randomly (stuck).
  9621 | Lair:2   | 9621 ||| Stepping randomly (stuck).
  9622 | Lair:2   | 9622 ||| Stepping randomly (stuck).
  9623 | Lair:2   | 9623 ||| Stepping randomly (stuck).
  9624 | Lair:2   | 9624 ||| Stepping randomly (stuck).
  9625 | Lair:2   | 9625 ||| Stepping randomly (stuck).
  9626 | Lair:2   | 9626 ||| Stepping randomly (stuck).
  9627 | Lair:2   | 9627 ||| Stepping randomly (stuck).
  9628 | Lair:2   | 9628 ||| Stepping randomly (stuck).
  9629 | Lair:2   | 9629 ||| Stepping randomly (stuck).
  9630 | Lair:2   | 9630 ||| Stepping randomly (stuck).
  9636 | Lair:2   | 9636 ||| Stepping randomly (stuck).
  9637 | Lair:2   | 9637 ||| Stepping randomly (stuck).
  9638 | Lair:2   | 9638 ||| Stepping randomly (stuck).
  9639 | Lair:2   | 9639 ||| Stepping randomly (stuck).
  9640 | Lair:2   | 9640 ||| Stepping randomly (stuck).
  9641 | Lair:2   | 9641 ||| Stepping randomly (stuck).
  9647 | Lair:2   | 9647 ||| Stepping randomly (stuck).
  9648 | Lair:2   | 9648 ||| Stepping randomly (stuck).
  9649 | Lair:2   | 9649 ||| Stepping randomly (stuck).
  9650 | Lair:2   | 9650 ||| Stepping randomly (stuck).
  9651 | Lair:2   | 9651 ||| Stepping randomly (stuck).
  9652 | Lair:2   | 9652 ||| Stepping randomly (stuck).
  9653 | Lair:2   | 9653 ||| Stepping randomly (stuck).
  9654 | Lair:2   | 9654 ||| Stepping randomly (stuck).
  9655 | Lair:2   | 9655 ||| Stepping randomly (stuck).
  9656 | Lair:2   | 9656 ||| FLEEEEING.
  9657 | Lair:2   | 9657 ||| FLEEEEING.
  9658 | Lair:2   | 9658 ||| FLEEEEING.
  9659 | Lair:2   | 9659 ||| FLEEEEING.
  9660 | Lair:2   | 9660 ||| FLEEEEING.
  9661 | Lair:2   | 9661 ||| FLEEEEING.
  9662 | Lair:2   | 9662 ||| FLEEEEING.
  9663 | Lair:2   | 9663 ||| FLEEEEING.
  9667 | Lair:2   | 9667 ||| STAIRDANCE
  9685 | Lair:1   | 9685 ||| Stepping randomly (stuck).
  9686 | Lair:1   | 9686 ||| Stepping randomly (stuck).
  9687 | Lair:1   | 9687 ||| Stepping randomly (stuck).
  9688 | Lair:1   | 9688 ||| Stepping randomly (stuck).
  9689 | Lair:1   | 9689 ||| Stepping randomly (stuck).
  9690 | Lair:1   | 9690 ||| Stepping randomly (stuck).
  9691 | Lair:1   | 9691 ||| Stepping randomly (stuck).
  9692 | Lair:1   | 9692 ||| Stepping randomly (stuck).
  9693 | Lair:1   | 9693 ||| Stepping randomly (stuck).
  9694 | Lair:1   | 9694 ||| Stepping randomly (stuck).
  9695 | Lair:1   | 9695 ||| Stepping randomly (stuck).
  9696 | Lair:1   | 9696 ||| Stepping randomly (stuck).
  9697 | Lair:1   | 9697 ||| Stepping randomly (stuck).
  9698 | Lair:1   | 9698 ||| Stepping randomly (stuck).
  9699 | Lair:1   | 9699 ||| Stepping randomly (stuck).
  9700 | Lair:1   | 9700 ||| Stepping randomly (stuck).
  9701 | Lair:1   | 9701 ||| Stepping randomly (stuck).
  9702 | Lair:1   | 9702 ||| Stepping randomly (stuck).
  9703 | Lair:1   | 9703 ||| Stepping randomly (stuck).
  9704 | Lair:1   | 9704 ||| Stepping randomly (stuck).
  9705 | Lair:1   | 9705 ||| Stepping randomly (stuck).
  9706 | Lair:1   | 9706 ||| Stepping randomly (stuck).
  9707 | Lair:1   | 9707 ||| Stepping randomly (stuck).
  9708 | Lair:1   | 9708 ||| Stepping randomly (stuck).
  9709 | Lair:1   | 9709 ||| Stepping randomly (stuck).
  9710 | Lair:1   | 9710 ||| Stepping randomly (stuck).
  9711 | Lair:1   | 9711 ||| Stepping randomly (stuck).
  9712 | Lair:1   | 9712 ||| Stepping randomly (stuck).
  9713 | Lair:1   | 9713 ||| Stepping randomly (stuck).
  9714 | Lair:1   | 9714 ||| Stepping randomly (stuck).
  9715 | Lair:1   | 9715 ||| Stepping randomly (stuck).
  9716 | Lair:1   | 9716 ||| Stepping randomly (stuck).
  9717 | Lair:1   | 9717 ||| Stepping randomly (stuck).
  9718 | Lair:1   | 9718 ||| Stepping randomly (stuck).
  9719 | Lair:1   | 9719 ||| Stepping randomly (stuck).
  9720 | Lair:1   | 9720 ||| Stepping randomly (stuck).
  9721 | Lair:1   | 9721 ||| Stepping randomly (stuck).
  9722 | Lair:1   | 9722 ||| Stepping randomly (stuck).
  9723 | Lair:1   | 9723 ||| Stepping randomly (stuck).
  9724 | Lair:1   | 9724 ||| Stepping randomly (stuck).
  9725 | Lair:1   | 9725 ||| Stepping randomly (stuck).
  9726 | Lair:1   | 9726 ||| Stepping randomly (stuck).
  9727 | Lair:1   | 9727 ||| Stepping randomly (stuck).
  9728 | Lair:1   | 9728 ||| Stepping randomly (stuck).
  9729 | Lair:1   | 9729 ||| Stepping randomly (stuck).
  9730 | Lair:1   | 9730 ||| Stepping randomly (stuck).
  9731 | Lair:1   | 9731 ||| Stepping randomly (stuck).
  9732 | Lair:1   | 9732 ||| Stepping randomly (stuck).
  9733 | Lair:1   | 9733 ||| Stepping randomly (stuck).
  9734 | Lair:1   | 9734 ||| Stepping randomly (stuck).
  9735 | Lair:1   | 9735 ||| Stepping randomly (stuck).
  9736 | Lair:1   | 9736 ||| Stepping randomly (stuck).
  9737 | Lair:1   | 9737 ||| Stepping randomly (stuck).
  9738 | Lair:1   | 9738 ||| Stepping randomly (stuck).
  9739 | Lair:1   | 9739 ||| Stepping randomly (stuck).
  9740 | Lair:1   | 9740 ||| Stepping randomly (stuck).
  9741 | Lair:1   | 9741 ||| Stepping randomly (stuck).
  9742 | Lair:1   | 9742 ||| Stepping randomly (stuck).
  9743 | Lair:1   | 9743 ||| Stepping randomly (stuck).
  9744 | Lair:1   | 9744 ||| Stepping randomly (stuck).
  9745 | Lair:1   | 9745 ||| Stepping randomly (stuck).
  9746 | Lair:1   | 9746 ||| Stepping randomly (stuck).
  9747 | Lair:1   | 9747 ||| Stepping randomly (stuck).
  9748 | Lair:1   | 9748 ||| Stepping randomly (stuck).
  9749 | Lair:1   | 9749 ||| Stepping randomly (stuck).
  9750 | Lair:1   | 9750 ||| Stepping randomly (stuck).
  9751 | Lair:1   | 9751 ||| Stepping randomly (stuck).
  9752 | Lair:1   | 9752 ||| Stepping randomly (stuck).
  9753 | Lair:1   | 9753 ||| Stepping randomly (stuck).
  9754 | Lair:1   | 9754 ||| Stepping randomly (stuck).
  9755 | Lair:1   | 9755 ||| Stepping randomly (stuck).
  9756 | Lair:1   | 9756 ||| Stepping randomly (stuck).
  9757 | Lair:1   | 9757 ||| Stepping randomly (stuck).
  9758 | Lair:1   | 9758 ||| Stepping randomly (stuck).
  9759 | Lair:1   | 9759 ||| Stepping randomly (stuck).
  9760 | Lair:1   | 9760 ||| Stepping randomly (stuck).
  9761 | Lair:1   | 9761 ||| Stepping randomly (stuck).
  9762 | Lair:1   | 9762 ||| Stepping randomly (stuck).
  9763 | Lair:1   | 9763 ||| Stepping randomly (stuck).
  9764 | Lair:1   | 9764 ||| Stepping randomly (stuck).
  9765 | Lair:1   | 9765 ||| Stepping randomly (stuck).
  9766 | Lair:1   | 9766 ||| Stepping randomly (stuck).
  9767 | Lair:1   | 9767 ||| Stepping randomly (stuck).
  9768 | Lair:1   | 9768 ||| Stepping randomly (stuck).
  9769 | Lair:1   | 9769 ||| Stepping randomly (stuck).
  9770 | Lair:1   | 9770 ||| Stepping randomly (stuck).
  9771 | Lair:1   | 9771 ||| Stepping randomly (stuck).
  9772 | Lair:1   | 9772 ||| Stepping randomly (stuck).
  9773 | Lair:1   | 9773 ||| Stepping randomly (stuck).
  9774 | Lair:1   | 9774 ||| Stepping randomly (stuck).
  9775 | Lair:1   | 9775 ||| Stepping randomly (stuck).
  9776 | Lair:1   | 9776 ||| Stepping randomly (stuck).
  9777 | Lair:1   | 9777 ||| Stepping randomly (stuck).
  9778 | Lair:1   | 9778 ||| Stepping randomly (stuck).
  9779 | Lair:1   | 9779 ||| Stepping randomly (stuck).
  9780 | Lair:1   | 9780 ||| Stepping randomly (stuck).
  9781 | Lair:1   | 9781 ||| Stepping randomly (stuck).
  9782 | Lair:1   | 9782 ||| Stepping randomly (stuck).
  9783 | Lair:1   | 9783 ||| Stepping randomly (stuck).
  9784 | Lair:1   | 9784 ||| Stepping randomly (stuck).
  9785 | Lair:1   | 9785 ||| Stepping randomly (stuck).
  9786 | Lair:1   | 9786 ||| Stepping randomly (stuck).
  9787 | Lair:1   | 9787 ||| Stepping randomly (stuck).
  9788 | Lair:1   | 9788 ||| Stepping randomly (stuck).
  9789 | Lair:1   | 9789 ||| Stepping randomly (stuck).
  9790 | Lair:1   | 9790 ||| Stepping randomly (stuck).
  9791 | Lair:1   | 9791 ||| Stepping randomly (stuck).
  9792 | Lair:1   | 9792 ||| Stepping randomly (stuck).
  9793 | Lair:1   | 9793 ||| Stepping randomly (stuck).
  9794 | Lair:1   | 9794 ||| Stepping randomly (stuck).
  9795 | Lair:1   | 9795 ||| Stepping randomly (stuck).
  9796 | Lair:1   | 9796 ||| Stepping randomly (stuck).
  9797 | Lair:1   | 9797 ||| Stepping randomly (stuck).
  9798 | Lair:1   | 9798 ||| Stepping randomly (stuck).
  9799 | Lair:1   | 9799 ||| Stepping randomly (stuck).
  9800 | Lair:1   | 9800 ||| Stepping randomly (stuck).
  9801 | Lair:1   | 9801 ||| Stepping randomly (stuck).
  9802 | Lair:1   | 9802 ||| Stepping randomly (stuck).
  9803 | Lair:1   | 9803 ||| Stepping randomly (stuck).
  9804 | Lair:1   | 9804 ||| Stepping randomly (stuck).
  9805 | Lair:1   | 9805 ||| Stepping randomly (stuck).
  9806 | Lair:1   | 9806 ||| Stepping randomly (stuck).
  9807 | Lair:1   | 9807 ||| Stepping randomly (stuck).
  9808 | Lair:1   | 9808 ||| Stepping randomly (stuck).
  9809 | Lair:1   | 9809 ||| Stepping randomly (stuck).
  9810 | Lair:1   | 9810 ||| Stepping randomly (stuck).
  9811 | Lair:1   | 9811 ||| Stepping randomly (stuck).
  9812 | Lair:1   | 9812 ||| Stepping randomly (stuck).
  9813 | Lair:1   | 9813 ||| Stepping randomly (stuck).
  9814 | Lair:1   | 9814 ||| Stepping randomly (stuck).
  9815 | Lair:1   | 9815 ||| Stepping randomly (stuck).
  9816 | Lair:1   | 9816 ||| Stepping randomly (stuck).
  9817 | Lair:1   | 9817 ||| Stepping randomly (stuck).
  9818 | Lair:1   | 9818 ||| Stepping randomly (stuck).
  9819 | Lair:1   | 9819 ||| Stepping randomly (stuck).
  9820 | Lair:1   | 9820 ||| Stepping randomly (stuck).
  9821 | Lair:1   | 9821 ||| Stepping randomly (stuck).
  9822 | Lair:1   | 9822 ||| Stepping randomly (stuck).
  9823 | Lair:1   | 9823 ||| Stepping randomly (stuck).
  9824 | Lair:1   | 9824 ||| Stepping randomly (stuck).
  9825 | Lair:1   | 9825 ||| Stepping randomly (stuck).
  9826 | Lair:1   | 9826 ||| Stepping randomly (stuck).
  9827 | Lair:1   | 9827 ||| Stepping randomly (stuck).
  9828 | Lair:1   | 9828 ||| Stepping randomly (stuck).
  9829 | Lair:1   | 9829 ||| Stepping randomly (stuck).
  9830 | Lair:1   | 9830 ||| Stepping randomly (stuck).
  9831 | Lair:1   | 9831 ||| Stepping randomly (stuck).
  9832 | Lair:1   | 9832 ||| Stepping randomly (stuck).
  9833 | Lair:1   | 9833 ||| Stepping randomly (stuck).
  9834 | Lair:1   | 9834 ||| Stepping randomly (stuck).
  9835 | Lair:1   | 9835 ||| Stepping randomly (stuck).
  9836 | Lair:1   | 9836 ||| Stepping randomly (stuck).
  9837 | Lair:1   | 9837 ||| Stepping randomly (stuck).
  9838 | Lair:1   | 9838 ||| Stepping randomly (stuck).
  9839 | Lair:1   | 9839 ||| Stepping randomly (stuck).
  9840 | Lair:1   | 9840 ||| Stepping randomly (stuck).
  9841 | Lair:1   | 9841 ||| Stepping randomly (stuck).
  9842 | Lair:1   | 9842 ||| Stepping randomly (stuck).
  9843 | Lair:1   | 9843 ||| Stepping randomly (stuck).
  9844 | Lair:1   | 9844 ||| Stepping randomly (stuck).
  9845 | Lair:1   | 9845 ||| Stepping randomly (stuck).
  9846 | Lair:1   | 9846 ||| Stepping randomly (stuck).
  9847 | Lair:1   | 9847 ||| Stepping randomly (stuck).
  9848 | Lair:1   | 9848 ||| Stepping randomly (stuck).
  9849 | Lair:1   | 9849 ||| Stepping randomly (stuck).
  9850 | Lair:1   | 9850 ||| Stepping randomly (stuck).
  9851 | Lair:1   | 9851 ||| Stepping randomly (stuck).
  9852 | Lair:1   | 9852 ||| Stepping randomly (stuck).
  9853 | Lair:1   | 9853 ||| Stepping randomly (stuck).
  9854 | Lair:1   | 9854 ||| Stepping randomly (stuck).
  9855 | Lair:1   | 9855 ||| Stepping randomly (stuck).
  9856 | Lair:1   | 9856 ||| Stepping randomly (stuck).
  9857 | Lair:1   | 9857 ||| Stepping randomly (stuck).
  9858 | Lair:1   | 9858 ||| Stepping randomly (stuck).
  9859 | Lair:1   | 9859 ||| Stepping randomly (stuck).
  9860 | Lair:1   | 9860 ||| Stepping randomly (stuck).
  9861 | Lair:1   | 9861 ||| Stepping randomly (stuck).
  9862 | Lair:1   | 9862 ||| Stepping randomly (stuck).
  9863 | Lair:1   | 9863 ||| Stepping randomly (stuck).
  9864 | Lair:1   | 9864 ||| Stepping randomly (stuck).
  9865 | Lair:1   | 9865 ||| Stepping randomly (stuck).
  9866 | Lair:1   | 9866 ||| Stepping randomly (stuck).
  9867 | Lair:1   | 9867 ||| Stepping randomly (stuck).
  9868 | Lair:1   | 9868 ||| Stepping randomly (stuck).
  9869 | Lair:1   | 9869 ||| Stepping randomly (stuck).
  9870 | Lair:1   | 9870 ||| Stepping randomly (stuck).
  9871 | Lair:1   | 9871 ||| Stepping randomly (stuck).
  9872 | Lair:1   | 9872 ||| Stepping randomly (stuck).
  9873 | Lair:1   | 9873 ||| Stepping randomly (stuck).
  9874 | Lair:1   | 9874 ||| Stepping randomly (stuck).
  9875 | Lair:1   | 9875 ||| Stepping randomly (stuck).
  9876 | Lair:1   | 9876 ||| Stepping randomly (stuck).
  9877 | Lair:1   | 9877 ||| Stepping randomly (stuck).
  9878 | Lair:1   | 9878 ||| Stepping randomly (stuck).
  9879 | Lair:1   | 9879 ||| Stepping randomly (stuck).
  9880 | Lair:1   | 9880 ||| Stepping randomly (stuck).
  9881 | Lair:1   | 9881 ||| Stepping randomly (stuck).
  9882 | Lair:1   | 9882 ||| Stepping randomly (stuck).
  9883 | Lair:1   | 9883 ||| Stepping randomly (stuck).
  9884 | Lair:1   | 9884 ||| Stepping randomly (stuck).
  9885 | Lair:1   | 9885 ||| Stepping randomly (stuck).
  9886 | Lair:1   | 9886 ||| Stepping randomly (stuck).
  9887 | Lair:1   | 9887 ||| Stepping randomly (stuck).
  9888 | Lair:1   | 9888 ||| Stepping randomly (stuck).
  9889 | Lair:1   | 9889 ||| Stepping randomly (stuck).
  9890 | Lair:1   | 9890 ||| Stepping randomly (stuck).
  9891 | Lair:1   | 9891 ||| Stepping randomly (stuck).
  9892 | Lair:1   | 9892 ||| Stepping randomly (stuck).
  9893 | Lair:1   | 9893 ||| Stepping randomly (stuck).
  9894 | Lair:1   | 9894 ||| Stepping randomly (stuck).
  9895 | Lair:1   | 9895 ||| Stepping randomly (stuck).
  9896 | Lair:1   | 9896 ||| Stepping randomly (stuck).
  9897 | Lair:1   | 9897 ||| Stepping randomly (stuck).
  9898 | Lair:1   | 9898 ||| Stepping randomly (stuck).
  9899 | Lair:1   | 9899 ||| Stepping randomly (stuck).
  9900 | Lair:1   | 9900 ||| Stepping randomly (stuck).
  9901 | Lair:1   | 9901 ||| Stepping randomly (stuck).
  9902 | Lair:1   | 9902 ||| Stepping randomly (stuck).
  9903 | Lair:1   | 9903 ||| Stepping randomly (stuck).
  9904 | Lair:1   | 9904 ||| Stepping randomly (stuck).
  9905 | Lair:1   | 9905 ||| Stepping randomly (stuck).
  9906 | Lair:1   | 9906 ||| Stepping randomly (stuck).
  9907 | Lair:1   | 9907 ||| Stepping randomly (stuck).
  9908 | Lair:1   | 9908 ||| Stepping randomly (stuck).
  9909 | Lair:1   | 9909 ||| Stepping randomly (stuck).
  9910 | Lair:1   | 9910 ||| Stepping randomly (stuck).
  9911 | Lair:1   | 9911 ||| Stepping randomly (stuck).
  9912 | Lair:1   | 9912 ||| Stepping randomly (stuck).
  9913 | Lair:1   | 9913 ||| Stepping randomly (stuck).
  9914 | Lair:1   | 9914 ||| Stepping randomly (stuck).
  9915 | Lair:1   | 9915 ||| Stepping randomly (stuck).
  9916 | Lair:1   | 9916 ||| Stepping randomly (stuck).
  9917 | Lair:1   | 9917 ||| Stepping randomly (stuck).
  9918 | Lair:1   | 9918 ||| Stepping randomly (stuck).
  9919 | Lair:1   | 9919 ||| Stepping randomly (stuck).
  9920 | Lair:1   | 9920 ||| Stepping randomly (stuck).
  9921 | Lair:1   | 9921 ||| Stepping randomly (stuck).
  9922 | Lair:1   | 9922 ||| Stepping randomly (stuck).
  9923 | Lair:1   | 9923 ||| Stepping randomly (stuck).
  9924 | Lair:1   | 9924 ||| Stepping randomly (stuck).
  9925 | Lair:1   | 9925 ||| Stepping randomly (stuck).
  9926 | Lair:1   | 9926 ||| Stepping randomly (stuck).
  9927 | Lair:1   | 9927 ||| Stepping randomly (stuck).
  9928 | Lair:1   | 9928 ||| Stepping randomly (stuck).
  9929 | Lair:1   | 9929 ||| Stepping randomly (stuck).
  9930 | Lair:1   | 9930 ||| Stepping randomly (stuck).
  9931 | Lair:1   | 9931 ||| Stepping randomly (stuck).
  9932 | Lair:1   | 9932 ||| Stepping randomly (stuck).
  9933 | Lair:1   | 9933 ||| Stepping randomly (stuck).
  9934 | Lair:1   | 9934 ||| Stepping randomly (stuck).
  9935 | Lair:1   | 9935 ||| Stepping randomly (stuck).
  9936 | Lair:1   | 9936 ||| Stepping randomly (stuck).
  9937 | Lair:1   | 9937 ||| Stepping randomly (stuck).
  9938 | Lair:1   | 9938 ||| Stepping randomly (stuck).
  9939 | Lair:1   | 9939 ||| Stepping randomly (stuck).
  9940 | Lair:1   | 9940 ||| Stepping randomly (stuck).
  9941 | Lair:1   | 9941 ||| Stepping randomly (stuck).
  9942 | Lair:1   | 9942 ||| Stepping randomly (stuck).
  9943 | Lair:1   | 9943 ||| Stepping randomly (stuck).
  9944 | Lair:1   | 9944 ||| Stepping randomly (stuck).
  9945 | Lair:1   | 9945 ||| Stepping randomly (stuck).
  9946 | Lair:1   | 9946 ||| Stepping randomly (stuck).
  9947 | Lair:1   | 9947 ||| Stepping randomly (stuck).
  9948 | Lair:1   | 9948 ||| Stepping randomly (stuck).
  9949 | Lair:1   | 9949 ||| Stepping randomly (stuck).
  9950 | Lair:1   | 9950 ||| Stepping randomly (stuck).
  9951 | Lair:1   | 9951 ||| Stepping randomly (stuck).
  9952 | Lair:1   | 9952 ||| Stepping randomly (stuck).
  9953 | Lair:1   | 9953 ||| Stepping randomly (stuck).
  9954 | Lair:1   | 9954 ||| Stepping randomly (stuck).
  9955 | Lair:1   | 9955 ||| Stepping randomly (stuck).
  9956 | Lair:1   | 9956 ||| Stepping randomly (stuck).
  9957 | Lair:1   | 9957 ||| Stepping randomly (stuck).
  9958 | Lair:1   | 9958 ||| Stepping randomly (stuck).
  9959 | Lair:1   | 9959 ||| Stepping randomly (stuck).
  9960 | Lair:1   | 9960 ||| Stepping randomly (stuck).
  9961 | Lair:1   | 9961 ||| Stepping randomly (stuck).
  9962 | Lair:1   | 9962 ||| Stepping randomly (stuck).
  9963 | Lair:1   | 9963 ||| Stepping randomly (stuck).
  9964 | Lair:1   | 9964 ||| Stepping randomly (stuck).
  9965 | Lair:1   | 9965 ||| Stepping randomly (stuck).
  9966 | Lair:1   | 9966 ||| Stepping randomly (stuck).
  9967 | Lair:1   | 9967 ||| Stepping randomly (stuck).
  9968 | Lair:1   | 9968 ||| Stepping randomly (stuck).
  9969 | Lair:1   | 9969 ||| Stepping randomly (stuck).
  9970 | Lair:1   | 9970 ||| Stepping randomly (stuck).
  9971 | Lair:1   | 9971 ||| Stepping randomly (stuck).
  9972 | Lair:1   | 9972 ||| Stepping randomly (stuck).
  9973 | Lair:1   | 9973 ||| Stepping randomly (stuck).
  9974 | Lair:1   | 9974 ||| Stepping randomly (stuck).
  9975 | Lair:1   | 9975 ||| Stepping randomly (stuck).
  9976 | Lair:1   | 9976 ||| Stepping randomly (stuck).
  9977 | Lair:1   | 9977 ||| Stepping randomly (stuck).
  9978 | Lair:1   | 9978 ||| Stepping randomly (stuck).
  9979 | Lair:1   | 9979 ||| Stepping randomly (stuck).
  9980 | Lair:1   | 9980 ||| Stepping randomly (stuck).
  9981 | Lair:1   | 9981 ||| Stepping randomly (stuck).
  9982 | Lair:1   | 9982 ||| Stepping randomly (stuck).
  9983 | Lair:1   | 9983 ||| Stepping randomly (stuck).
  9984 | Lair:1   | 9984 ||| Stepping randomly (stuck).
  9985 | Lair:1   | 9985 ||| Stepping randomly (stuck).
  9986 | Lair:1   | 9986 ||| Stepping randomly (stuck).
  9987 | Lair:1   | 9987 ||| Stepping randomly (stuck).
  9988 | Lair:1   | 9988 ||| Stepping randomly (stuck).
  9989 | Lair:1   | 9989 ||| Stepping randomly (stuck).
  9990 | Lair:1   | 9990 ||| Stepping randomly (stuck).
  9991 | Lair:1   | 9991 ||| Stepping randomly (stuck).
  9992 | Lair:1   | 9992 ||| Stepping randomly (stuck).
  9993 | Lair:1   | 9993 ||| Stepping randomly (stuck).
  9994 | Lair:1   | 9994 ||| Stepping randomly (stuck).
  9995 | Lair:1   | 9995 ||| Stepping randomly (stuck).
  9996 | Lair:1   | 9996 ||| Stepping randomly (stuck).
  9997 | Lair:1   | 9997 ||| Stepping randomly (stuck).
  9998 | Lair:1   | 9998 ||| Stepping randomly (stuck).
  9999 | Lair:1   | 9999 ||| Stepping randomly (stuck).
 10000 | Lair:1   | 10000 ||| Stepping randomly (stuck).
 10001 | Lair:1   | 10001 ||| Stepping randomly (stuck).
 10002 | Lair:1   | 10002 ||| Stepping randomly (stuck).
 10003 | Lair:1   | 10003 ||| Stepping randomly (stuck).
 10004 | Lair:1   | 10004 ||| Stepping randomly (stuck).
 10005 | Lair:1   | 10005 ||| Stepping randomly (stuck).
 10006 | Lair:1   | 10006 ||| Stepping randomly (stuck).
 10007 | Lair:1   | 10007 ||| Stepping randomly (stuck).
 10008 | Lair:1   | 10008 ||| Stepping randomly (stuck).
 10009 | Lair:1   | 10009 ||| Stepping randomly (stuck).
 10010 | Lair:1   | 10010 ||| Stepping randomly (stuck).
 10011 | Lair:1   | 10011 ||| Stepping randomly (stuck).
 10012 | Lair:1   | 10012 ||| Stepping randomly (stuck).
 10013 | Lair:1   | 10013 ||| Stepping randomly (stuck).
 10014 | Lair:1   | 10014 ||| Stepping randomly (stuck).
 10015 | Lair:1   | 10015 ||| Stepping randomly (stuck).
 10016 | Lair:1   | 10016 ||| Stepping randomly (stuck).
 10017 | Lair:1   | 10017 ||| Stepping randomly (stuck).
 10018 | Lair:1   | 10018 ||| Stepping randomly (stuck).
 10019 | Lair:1   | 10019 ||| Stepping randomly (stuck).
 10020 | Lair:1   | 10020 ||| Stepping randomly (stuck).
 10021 | Lair:1   | 10021 ||| Stepping randomly (stuck).
 10022 | Lair:1   | 10022 ||| Stepping randomly (stuck).
 10023 | Lair:1   | 10023 ||| Stepping randomly (stuck).
 10024 | Lair:1   | 10024 ||| Stepping randomly (stuck).
 10025 | Lair:1   | 10025 ||| Stepping randomly (stuck).
 10026 | Lair:1   | 10026 ||| Stepping randomly (stuck).
 10027 | Lair:1   | 10027 ||| Stepping randomly (stuck).
 10028 | Lair:1   | 10028 ||| Stepping randomly (stuck).
 10029 | Lair:1   | 10029 ||| Stepping randomly (stuck).
 10030 | Lair:1   | 10030 ||| Stepping randomly (stuck).
 10031 | Lair:1   | 10031 ||| Stepping randomly (stuck).
 10032 | Lair:1   | 10032 ||| Stepping randomly (stuck).
 10033 | Lair:1   | 10033 ||| Stepping randomly (stuck).
 10034 | Lair:1   | 10034 ||| Stepping randomly (stuck).
 10035 | Lair:1   | 10035 ||| Stepping randomly (stuck).
 10036 | Lair:1   | 10036 ||| Stepping randomly (stuck).
 10037 | Lair:1   | 10037 ||| Stepping randomly (stuck).
 10038 | Lair:1   | 10038 ||| Stepping randomly (stuck).
 10039 | Lair:1   | 10039 ||| Stepping randomly (stuck).
 10040 | Lair:1   | 10040 ||| Stepping randomly (stuck).
 10041 | Lair:1   | 10041 ||| Stepping randomly (stuck).
 10042 | Lair:1   | 10042 ||| Stepping randomly (stuck).
 10043 | Lair:1   | 10043 ||| Stepping randomly (stuck).
 10044 | Lair:1   | 10044 ||| Stepping randomly (stuck).
 10045 | Lair:1   | 10045 ||| Stepping randomly (stuck).
 10046 | Lair:1   | 10046 ||| Stepping randomly (stuck).
 10047 | Lair:1   | 10047 ||| Stepping randomly (stuck).
 10048 | Lair:1   | 10048 ||| Stepping randomly (stuck).
 10049 | Lair:1   | 10049 ||| Stepping randomly (stuck).
 10050 | Lair:1   | 10050 ||| Stepping randomly (stuck).
 10051 | Lair:1   | 10051 ||| Stepping randomly (stuck).
 10052 | Lair:1   | 10052 ||| Stepping randomly (stuck).
 10053 | Lair:1   | 10053 ||| Stepping randomly (stuck).
 10054 | Lair:1   | 10054 ||| Stepping randomly (stuck).
 10055 | Lair:1   | 10055 ||| Stepping randomly (stuck).
 10056 | Lair:1   | 10056 ||| Stepping randomly (stuck).
 10057 | Lair:1   | 10057 ||| Stepping randomly (stuck).
 10058 | Lair:1   | 10058 ||| Stepping randomly (stuck).
 10059 | Lair:1   | 10059 ||| Stepping randomly (stuck).
 10060 | Lair:1   | 10060 ||| Stepping randomly (stuck).
 10061 | Lair:1   | 10061 ||| Stepping randomly (stuck).
 10062 | Lair:1   | 10062 ||| Stepping randomly (stuck).
 10063 | Lair:1   | 10063 ||| Stepping randomly (stuck).
 10064 | Lair:1   | 10064 ||| Stepping randomly (stuck).
 10065 | Lair:1   | 10065 ||| Stepping randomly (stuck).
 10066 | Lair:1   | 10066 ||| Stepping randomly (stuck).
 10067 | Lair:1   | 10067 ||| Stepping randomly (stuck).
 10068 | Lair:1   | 10068 ||| Stepping randomly (stuck).
 10069 | Lair:1   | 10069 ||| Stepping randomly (stuck).
 10070 | Lair:1   | 10070 ||| Stepping randomly (stuck).
 10071 | Lair:1   | 10071 ||| Stepping randomly (stuck).
 10072 | Lair:1   | 10072 ||| Stepping randomly (stuck).
 10073 | Lair:1   | 10073 ||| Stepping randomly (stuck).
 10074 | Lair:1   | 10074 ||| Stepping randomly (stuck).
 10075 | Lair:1   | 10075 ||| Stepping randomly (stuck).
 10076 | Lair:1   | 10076 ||| Stepping randomly (stuck).
 10077 | Lair:1   | 10077 ||| Stepping randomly (stuck).
 10078 | Lair:1   | 10078 ||| Stepping randomly (stuck).
 10079 | Lair:1   | 10079 ||| Stepping randomly (stuck).
 10080 | Lair:1   | 10080 ||| Stepping randomly (stuck).
 10081 | Lair:1   | 10081 ||| Stepping randomly (stuck).
 10082 | Lair:1   | 10082 ||| Stepping randomly (stuck).
 10083 | Lair:1   | 10083 ||| Stepping randomly (stuck).
 10084 | Lair:1   | 10084 ||| Stepping randomly (stuck).
 10085 | Lair:1   | 10085 ||| Stepping randomly (stuck).
 10086 | Lair:1   | 10086 ||| Stepping randomly (stuck).
 10087 | Lair:1   | 10087 ||| Stepping randomly (stuck).
 10088 | Lair:1   | 10088 ||| Stepping randomly (stuck).
 10089 | Lair:1   | 10089 ||| Stepping randomly (stuck).
 10090 | Lair:1   | 10090 ||| Stepping randomly (stuck).
 10091 | Lair:1   | 10091 ||| Stepping randomly (stuck).
 10092 | Lair:1   | 10092 ||| Stepping randomly (stuck).
 10093 | Lair:1   | 10093 ||| Stepping randomly (stuck).
 10094 | Lair:1   | 10094 ||| Stepping randomly (stuck).
 10095 | Lair:1   | 10095 ||| Stepping randomly (stuck).
 10096 | Lair:1   | 10096 ||| Stepping randomly (stuck).
 10097 | Lair:1   | 10097 ||| Stepping randomly (stuck).
 10098 | Lair:1   | 10098 ||| Stepping randomly (stuck).
 10099 | Lair:1   | 10099 ||| Stepping randomly (stuck).
 10100 | Lair:1   | 10100 ||| Stepping randomly (stuck).
 10101 | Lair:1   | 10101 ||| Stepping randomly (stuck).
 10102 | Lair:1   | 10102 ||| Stepping randomly (stuck).
 10103 | Lair:1   | 10103 ||| Stepping randomly (stuck).
 10104 | Lair:1   | 10104 ||| Stepping randomly (stuck).
 10105 | Lair:1   | 10105 ||| Stepping randomly (stuck).
 10106 | Lair:1   | 10106 ||| Stepping randomly (stuck).
 10107 | Lair:1   | 10107 ||| Stepping randomly (stuck).
 10108 | Lair:1   | 10108 ||| Stepping randomly (stuck).
 10109 | Lair:1   | 10109 ||| Stepping randomly (stuck).
 10110 | Lair:1   | 10110 ||| Stepping randomly (stuck).
 10111 | Lair:1   | 10111 ||| Stepping randomly (stuck).
 10112 | Lair:1   | 10112 ||| Stepping randomly (stuck).
 10113 | Lair:1   | 10113 ||| Stepping randomly (stuck).
 10114 | Lair:1   | 10114 ||| Stepping randomly (stuck).
 10115 | Lair:1   | 10115 ||| Stepping randomly (stuck).
 10116 | Lair:1   | 10116 ||| Stepping randomly (stuck).
 10117 | Lair:1   | 10117 ||| Stepping randomly (stuck).
 10118 | Lair:1   | 10118 ||| Stepping randomly (stuck).
 10119 | Lair:1   | 10119 ||| Stepping randomly (stuck).
 10120 | Lair:1   | 10120 ||| Stepping randomly (stuck).
 10121 | Lair:1   | 10121 ||| Stepping randomly (stuck).
 10122 | Lair:1   | 10122 ||| Stepping randomly (stuck).
 10123 | Lair:1   | 10123 ||| Stepping randomly (stuck).
 10124 | Lair:1   | 10124 ||| Stepping randomly (stuck).
 10125 | Lair:1   | 10125 ||| Stepping randomly (stuck).
 10126 | Lair:1   | 10126 ||| Stepping randomly (stuck).
 10127 | Lair:1   | 10127 ||| Stepping randomly (stuck).
 10128 | Lair:1   | 10128 ||| Stepping randomly (stuck).
 10129 | Lair:1   | 10129 ||| Stepping randomly (stuck).
 10130 | Lair:1   | 10130 ||| Stepping randomly (stuck).
 10131 | Lair:1   | 10131 ||| Stepping randomly (stuck).
 10132 | Lair:1   | 10132 ||| Stepping randomly (stuck).
 10133 | Lair:1   | 10133 ||| Stepping randomly (stuck).
 10134 | Lair:1   | 10134 ||| Stepping randomly (stuck).
 10135 | Lair:1   | 10135 ||| Stepping randomly (stuck).
 10136 | Lair:1   | 10136 ||| Stepping randomly (stuck).
 10137 | Lair:1   | 10137 ||| Stepping randomly (stuck).
 10138 | Lair:1   | 10138 ||| Stepping randomly (stuck).
 10139 | Lair:1   | 10139 ||| Stepping randomly (stuck).
 10140 | Lair:1   | 10140 ||| Stepping randomly (stuck).
 10141 | Lair:1   | 10141 ||| Stepping randomly (stuck).
 10142 | Lair:1   | 10142 ||| Stepping randomly (stuck).
 10143 | Lair:1   | 10143 ||| Stepping randomly (stuck).
 10144 | Lair:1   | 10144 ||| Stepping randomly (stuck).
 10145 | Lair:1   | 10145 ||| Stepping randomly (stuck).
 10146 | Lair:1   | 10146 ||| Stepping randomly (stuck).
 10147 | Lair:1   | 10147 ||| Stepping randomly (stuck).
 10148 | Lair:1   | 10148 ||| Stepping randomly (stuck).
 10149 | Lair:1   | 10149 ||| Stepping randomly (stuck).
 10150 | Lair:1   | 10150 ||| Stepping randomly (stuck).
 10151 | Lair:1   | 10151 ||| Stepping randomly (stuck).
 10152 | Lair:1   | 10152 ||| Stepping randomly (stuck).
 10153 | Lair:1   | 10153 ||| Stepping randomly (stuck).
 10154 | Lair:1   | 10154 ||| Stepping randomly (stuck).
 10155 | Lair:1   | 10155 ||| Stepping randomly (stuck).
 10156 | Lair:1   | 10156 ||| Stepping randomly (stuck).
 10157 | Lair:1   | 10157 ||| Stepping randomly (stuck).
 10158 | Lair:1   | 10158 ||| Stepping randomly (stuck).
 10159 | Lair:1   | 10159 ||| Stepping randomly (stuck).
 10160 | Lair:1   | 10160 ||| Stepping randomly (stuck).
 10161 | Lair:1   | 10161 ||| Stepping randomly (stuck).
 10162 | Lair:1   | 10162 ||| Stepping randomly (stuck).
 10163 | Lair:1   | 10163 ||| Stepping randomly (stuck).
 10164 | Lair:1   | 10164 ||| Stepping randomly (stuck).
 10165 | Lair:1   | 10165 ||| Stepping randomly (stuck).
 10166 | Lair:1   | 10166 ||| Stepping randomly (stuck).
 10167 | Lair:1   | 10167 ||| Stepping randomly (stuck).
 10168 | Lair:1   | 10168 ||| Stepping randomly (stuck).
 10169 | Lair:1   | 10169 ||| Stepping randomly (stuck).
 10170 | Lair:1   | 10170 ||| Stepping randomly (stuck).
 10171 | Lair:1   | 10171 ||| Stepping randomly (stuck).
 10172 | Lair:1   | 10172 ||| Stepping randomly (stuck).
 10173 | Lair:1   | 10173 ||| Stepping randomly (stuck).
 10174 | Lair:1   | 10174 ||| Stepping randomly (stuck).
 10175 | Lair:1   | 10175 ||| Stepping randomly (stuck).
 10176 | Lair:1   | 10176 ||| Stepping randomly (stuck).
 10177 | Lair:1   | 10177 ||| Stepping randomly (stuck).
 10178 | Lair:1   | 10178 ||| Stepping randomly (stuck).
 10179 | Lair:1   | 10179 ||| Stepping randomly (stuck).
 10180 | Lair:1   | 10180 ||| Stepping randomly (stuck).
 10181 | Lair:1   | 10181 ||| Stepping randomly (stuck).
 10182 | Lair:1   | 10182 ||| Stepping randomly (stuck).
 10183 | Lair:1   | 10183 ||| Stepping randomly (stuck).
 10184 | Lair:1   | 10184 ||| Stepping randomly (stuck).
 10185 | Lair:1   | 10185 ||| Stepping randomly (stuck).
 10186 | Lair:1   | 10186 ||| Stepping randomly (stuck).
 10187 | Lair:1   | 10187 ||| Stepping randomly (stuck).
 10188 | Lair:1   | 10188 ||| Stepping randomly (stuck).
 10189 | Lair:1   | 10189 ||| Stepping randomly (stuck).
 10190 | Lair:1   | 10190 ||| Stepping randomly (stuck).
 10191 | Lair:1   | 10191 ||| Stepping randomly (stuck).
 10192 | Lair:1   | 10192 ||| Stepping randomly (stuck).
 10193 | Lair:1   | 10193 ||| Stepping randomly (stuck).
 10194 | Lair:1   | 10194 ||| Stepping randomly (stuck).
 10195 | Lair:1   | 10195 ||| Stepping randomly (stuck).
 10196 | Lair:1   | 10196 ||| Stepping randomly (stuck).
 10197 | Lair:1   | 10197 ||| Stepping randomly (stuck).
 10198 | Lair:1   | 10198 ||| Stepping randomly (stuck).
 10199 | Lair:1   | 10199 ||| Stepping randomly (stuck).
 10200 | Lair:1   | 10200 ||| Stepping randomly (stuck).
 10201 | Lair:1   | 10201 ||| Stepping randomly (stuck).
 10202 | Lair:1   | 10202 ||| Stepping randomly (stuck).
 10203 | Lair:1   | 10203 ||| Stepping randomly (stuck).
 10204 | Lair:1   | 10204 ||| Stepping randomly (stuck).
 10205 | Lair:1   | 10205 ||| Stepping randomly (stuck).
 10206 | Lair:1   | 10206 ||| Stepping randomly (stuck).
 10207 | Lair:1   | 10207 ||| Stepping randomly (stuck).
 10208 | Lair:1   | 10208 ||| Stepping randomly (stuck).
 10209 | Lair:1   | 10209 ||| Stepping randomly (stuck).
 10210 | Lair:1   | 10210 ||| Stepping randomly (stuck).
 10211 | Lair:1   | 10211 ||| Stepping randomly (stuck).
 10212 | Lair:1   | 10212 ||| Stepping randomly (stuck).
 10213 | Lair:1   | 10213 ||| Stepping randomly (stuck).
 10214 | Lair:1   | 10214 ||| Stepping randomly (stuck).
 10215 | Lair:1   | 10215 ||| Stepping randomly (stuck).
 10216 | Lair:1   | 10216 ||| Stepping randomly (stuck).
 10217 | Lair:1   | 10217 ||| Stepping randomly (stuck).
 10218 | Lair:1   | 10218 ||| Stepping randomly (stuck).
 10219 | Lair:1   | 10219 ||| Stepping randomly (stuck).
 10220 | Lair:1   | 10220 ||| Stepping randomly (stuck).
 10221 | Lair:1   | 10221 ||| Stepping randomly (stuck).
 10222 | Lair:1   | 10222 ||| Stepping randomly (stuck).
 10223 | Lair:1   | 10223 ||| Stepping randomly (stuck).
 10224 | Lair:1   | 10224 ||| Stepping randomly (stuck).
 10225 | Lair:1   | 10225 ||| Stepping randomly (stuck).
 10226 | Lair:1   | 10226 ||| Stepping randomly (stuck).
 10227 | Lair:1   | 10227 ||| Stepping randomly (stuck).
 10228 | Lair:1   | 10228 ||| Stepping randomly (stuck).
 10229 | Lair:1   | 10229 ||| Stepping randomly (stuck).
 10230 | Lair:1   | 10230 ||| Stepping randomly (stuck).
 10231 | Lair:1   | 10231 ||| Stepping randomly (stuck).
 10232 | Lair:1   | 10232 ||| Stepping randomly (stuck).
 10233 | Lair:1   | 10233 ||| Stepping randomly (stuck).
 10234 | Lair:1   | 10234 ||| Stepping randomly (stuck).
 10235 | Lair:1   | 10235 ||| Stepping randomly (stuck).
 10236 | Lair:1   | 10236 ||| Stepping randomly (stuck).
 10237 | Lair:1   | 10237 ||| Stepping randomly (stuck).
 10238 | Lair:1   | 10238 ||| Stepping randomly (stuck).
 10239 | Lair:1   | 10239 ||| Stepping randomly (stuck).
 10240 | Lair:1   | 10240 ||| Stepping randomly (stuck).
 10241 | Lair:1   | 10241 ||| Stepping randomly (stuck).
 10242 | Lair:1   | 10242 ||| Stepping randomly (stuck).
 10243 | Lair:1   | 10243 ||| Stepping randomly (stuck).
 10244 | Lair:1   | 10244 ||| Stepping randomly (stuck).
 10245 | Lair:1   | 10245 ||| Stepping randomly (stuck).
 10246 | Lair:1   | 10246 ||| Stepping randomly (stuck).
 10247 | Lair:1   | 10247 ||| Stepping randomly (stuck).
 10248 | Lair:1   | 10248 ||| Stepping randomly (stuck).
 10249 | Lair:1   | 10249 ||| Stepping randomly (stuck).
 10250 | Lair:1   | 10250 ||| Stepping randomly (stuck).
 10251 | Lair:1   | 10251 ||| Stepping randomly (stuck).
 10252 | Lair:1   | 10252 ||| Stepping randomly (stuck).
 10253 | Lair:1   | 10253 ||| Stepping randomly (stuck).
 10254 | Lair:1   | 10254 ||| Stepping randomly (stuck).
 10255 | Lair:1   | 10255 ||| Stepping randomly (stuck).
 10256 | Lair:1   | 10256 ||| Stepping randomly (stuck).
 10257 | Lair:1   | 10257 ||| Stepping randomly (stuck).
 10258 | Lair:1   | 10258 ||| Stepping randomly (stuck).
 10259 | Lair:1   | 10259 ||| Stepping randomly (stuck).
 10260 | Lair:1   | 10260 ||| Stepping randomly (stuck).
 10261 | Lair:1   | 10261 ||| Stepping randomly (stuck).
 10262 | Lair:1   | 10262 ||| Stepping randomly (stuck).
 10263 | Lair:1   | 10263 ||| Stepping randomly (stuck).
 10264 | Lair:1   | 10264 ||| Stepping randomly (stuck).
 10265 | Lair:1   | 10265 ||| Stepping randomly (stuck).
 10266 | Lair:1   | 10266 ||| Stepping randomly (stuck).
 10267 | Lair:1   | 10267 ||| Stepping randomly (stuck).
 10268 | Lair:1   | 10268 ||| Stepping randomly (stuck).
 10269 | Lair:1   | 10269 ||| Stepping randomly (stuck).
 10270 | Lair:1   | 10270 ||| Stepping randomly (stuck).
 10271 | Lair:1   | 10271 ||| Stepping randomly (stuck).
 10272 | Lair:1   | 10272 ||| Stepping randomly (stuck).
 10273 | Lair:1   | 10273 ||| Stepping randomly (stuck).
 10274 | Lair:1   | 10274 ||| Stepping randomly (stuck).
 10275 | Lair:1   | 10275 ||| Stepping randomly (stuck).
 10276 | Lair:1   | 10276 ||| Stepping randomly (stuck).
 10277 | Lair:1   | 10277 ||| Stepping randomly (stuck).
 10278 | Lair:1   | 10278 ||| Stepping randomly (stuck).
 10279 | Lair:1   | 10279 ||| Stepping randomly (stuck).
 10280 | Lair:1   | 10280 ||| Stepping randomly (stuck).
 10281 | Lair:1   | 10281 ||| Stepping randomly (stuck).
 10282 | Lair:1   | 10282 ||| Stepping randomly (stuck).
 10283 | Lair:1   | 10283 ||| Stepping randomly (stuck).
 10284 | Lair:1   | 10284 ||| Stepping randomly (stuck).
 10285 | Lair:1   | 10285 ||| Stepping randomly (stuck).
 10286 | Lair:1   | 10286 ||| Stepping randomly (stuck).
 10287 | Lair:1   | 10287 ||| Stepping randomly (stuck).
 10288 | Lair:1   | 10288 ||| Stepping randomly (stuck).
 10289 | Lair:1   | 10289 ||| Stepping randomly (stuck).
 10290 | Lair:1   | 10290 ||| Stepping randomly (stuck).
 10291 | Lair:1   | 10291 ||| Stepping randomly (stuck).
 10292 | Lair:1   | 10292 ||| Stepping randomly (stuck).
 10293 | Lair:1   | 10293 ||| Stepping randomly (stuck).
 10294 | Lair:1   | 10294 ||| Stepping randomly (stuck).
 10295 | Lair:1   | 10295 ||| Stepping randomly (stuck).
 10296 | Lair:1   | 10296 ||| Stepping randomly (stuck).
 10297 | Lair:1   | 10297 ||| Stepping randomly (stuck).
 10298 | Lair:1   | 10298 ||| Stepping randomly (stuck).
 10299 | Lair:1   | 10299 ||| Stepping randomly (stuck).
 10300 | Lair:1   | 10300 ||| Stepping randomly (stuck).
 10301 | Lair:1   | 10301 ||| Stepping randomly (stuck).
 10302 | Lair:1   | 10302 ||| Stepping randomly (stuck).
 10303 | Lair:1   | 10303 ||| Stepping randomly (stuck).
 10304 | Lair:1   | 10304 ||| Stepping randomly (stuck).
 10305 | Lair:1   | 10305 ||| Stepping randomly (stuck).
 10306 | Lair:1   | 10306 ||| Stepping randomly (stuck).
 10307 | Lair:1   | 10307 ||| Stepping randomly (stuck).
 10308 | Lair:1   | 10308 ||| Stepping randomly (stuck).
 10309 | Lair:1   | 10309 ||| Stepping randomly (stuck).
 10310 | Lair:1   | 10310 ||| Stepping randomly (stuck).
 10311 | Lair:1   | 10311 ||| Stepping randomly (stuck).
 10312 | Lair:1   | 10312 ||| Stepping randomly (stuck).
 10313 | Lair:1   | 10313 ||| Stepping randomly (stuck).
 10314 | Lair:1   | 10314 ||| Stepping randomly (stuck).
 10315 | Lair:1   | 10315 ||| Stepping randomly (stuck).
 10316 | Lair:1   | 10316 ||| Stepping randomly (stuck).
 10317 | Lair:1   | 10317 ||| Stepping randomly (stuck).
 10318 | Lair:1   | 10318 ||| Stepping randomly (stuck).
 10319 | Lair:1   | 10319 ||| Stepping randomly (stuck).
 10320 | Lair:1   | 10320 ||| Stepping randomly (stuck).
 10321 | Lair:1   | 10321 ||| Stepping randomly (stuck).
 10322 | Lair:1   | 10322 ||| Stepping randomly (stuck).
 10323 | Lair:1   | 10323 ||| Stepping randomly (stuck).
 10324 | Lair:1   | 10324 ||| Stepping randomly (stuck).
 10325 | Lair:1   | 10325 ||| Stepping randomly (stuck).
 10326 | Lair:1   | 10326 ||| Stepping randomly (stuck).
 10327 | Lair:1   | 10327 ||| Stepping randomly (stuck).
 10328 | Lair:1   | 10328 ||| Stepping randomly (stuck).
 10329 | Lair:1   | 10329 ||| Stepping randomly (stuck).
 10330 | Lair:1   | 10330 ||| Stepping randomly (stuck).
 10331 | Lair:1   | 10331 ||| Stepping randomly (stuck).
 10332 | Lair:1   | 10332 ||| Stepping randomly (stuck).
 10333 | Lair:1   | 10333 ||| Stepping randomly (stuck).
 10334 | Lair:1   | 10334 ||| Stepping randomly (stuck).
 10335 | Lair:1   | 10335 ||| Stepping randomly (stuck).
 10336 | Lair:1   | 10336 ||| Stepping randomly (stuck).
 10337 | Lair:1   | 10337 ||| Stepping randomly (stuck).
 10338 | Lair:1   | 10338 ||| Stepping randomly (stuck).
 10339 | Lair:1   | 10339 ||| Stepping randomly (stuck).
 10340 | Lair:1   | 10340 ||| Stepping randomly (stuck).
 10341 | Lair:1   | 10341 ||| Stepping randomly (stuck).
 10342 | Lair:1   | 10342 ||| Stepping randomly (stuck).
 10343 | Lair:1   | 10343 ||| Stepping randomly (stuck).
 10344 | Lair:1   | 10344 ||| Stepping randomly (stuck).
 10345 | Lair:1   | 10345 ||| Stepping randomly (stuck).
 10346 | Lair:1   | 10346 ||| Stepping randomly (stuck).
 10347 | Lair:1   | 10347 ||| Stepping randomly (stuck).
 10348 | Lair:1   | 10348 ||| Stepping randomly (stuck).
 10349 | Lair:1   | 10349 ||| Stepping randomly (stuck).
 10350 | Lair:1   | 10350 ||| Stepping randomly (stuck).
 10351 | Lair:1   | 10351 ||| Stepping randomly (stuck).
 10352 | Lair:1   | 10352 ||| Stepping randomly (stuck).
 10353 | Lair:1   | 10353 ||| Stepping randomly (stuck).
 10354 | Lair:1   | 10354 ||| Stepping randomly (stuck).
 10355 | Lair:1   | 10355 ||| Stepping randomly (stuck).
 10356 | Lair:1   | 10356 ||| Stepping randomly (stuck).
 10357 | Lair:1   | 10357 ||| Stepping randomly (stuck).
 10358 | Lair:1   | 10358 ||| Stepping randomly (stuck).
 10359 | Lair:1   | 10359 ||| Stepping randomly (stuck).
 10360 | Lair:1   | 10360 ||| Stepping randomly (stuck).
 10361 | Lair:1   | 10361 ||| Stepping randomly (stuck).
 10362 | Lair:1   | 10362 ||| Stepping randomly (stuck).
 10363 | Lair:1   | 10363 ||| Stepping randomly (stuck).
 10364 | Lair:1   | 10364 ||| Stepping randomly (stuck).
 10365 | Lair:1   | 10365 ||| Stepping randomly (stuck).
 10366 | Lair:1   | 10366 ||| Stepping randomly (stuck).
 10367 | Lair:1   | 10367 ||| Stepping randomly (stuck).
 10368 | Lair:1   | 10368 ||| Stepping randomly (stuck).
 10369 | Lair:1   | 10369 ||| Stepping randomly (stuck).
 10370 | Lair:1   | 10370 ||| Stepping randomly (stuck).
 10371 | Lair:1   | 10371 ||| Stepping randomly (stuck).
 10372 | Lair:1   | 10372 ||| Stepping randomly (stuck).
 10373 | Lair:1   | 10373 ||| Stepping randomly (stuck).
 10374 | Lair:1   | 10374 ||| Stepping randomly (stuck).
 10375 | Lair:1   | 10375 ||| Stepping randomly (stuck).
 10376 | Lair:1   | 10376 ||| Stepping randomly (stuck).
 10377 | Lair:1   | 10377 ||| Stepping randomly (stuck).
 10378 | Lair:1   | 10378 ||| Stepping randomly (stuck).
 10379 | Lair:1   | 10379 ||| Stepping randomly (stuck).
 10380 | Lair:1   | 10380 ||| Stepping randomly (stuck).
 10381 | Lair:1   | 10381 ||| Stepping randomly (stuck).
 10382 | Lair:1   | 10382 ||| Stepping randomly (stuck).
 10383 | Lair:1   | 10383 ||| Stepping randomly (stuck).
 10384 | Lair:1   | 10384 ||| Stepping randomly (stuck).
 10385 | Lair:1   | 10385 ||| Stepping randomly (stuck).
 10386 | Lair:1   | 10386 ||| Stepping randomly (stuck).
 10387 | Lair:1   | 10387 ||| Stepping randomly (stuck).
 10388 | Lair:1   | 10388 ||| Stepping randomly (stuck).
 10389 | Lair:1   | 10389 ||| Stepping randomly (stuck).
 10390 | Lair:1   | 10390 ||| Stepping randomly (stuck).
 10391 | Lair:1   | 10391 ||| Stepping randomly (stuck).
 10392 | Lair:1   | 10392 ||| Stepping randomly (stuck).
 10393 | Lair:1   | 10393 ||| Stepping randomly (stuck).
 10394 | Lair:1   | 10394 ||| Stepping randomly (stuck).
 10395 | Lair:1   | 10395 ||| Stepping randomly (stuck).
 10396 | Lair:1   | 10396 ||| Stepping randomly (stuck).
 10397 | Lair:1   | 10397 ||| Stepping randomly (stuck).
 10398 | Lair:1   | 10398 ||| Stepping randomly (stuck).
 10399 | Lair:1   | 10399 ||| Stepping randomly (stuck).
 10400 | Lair:1   | 10400 ||| Stepping randomly (stuck).
 10401 | Lair:1   | 10401 ||| Stepping randomly (stuck).
 10402 | Lair:1   | 10402 ||| Stepping randomly (stuck).
 10403 | Lair:1   | 10403 ||| Stepping randomly (stuck).
 10404 | Lair:1   | 10404 ||| Stepping randomly (stuck).
 10405 | Lair:1   | 10405 ||| Stepping randomly (stuck).
 10406 | Lair:1   | 10406 ||| Stepping randomly (stuck).
 10407 | Lair:1   | 10407 ||| Stepping randomly (stuck).
 10408 | Lair:1   | 10408 ||| Stepping randomly (stuck).
 10409 | Lair:1   | 10409 ||| Stepping randomly (stuck).
 10410 | Lair:1   | 10410 ||| Stepping randomly (stuck).
 10411 | Lair:1   | 10411 ||| Stepping randomly (stuck).
 10412 | Lair:1   | 10412 ||| Stepping randomly (stuck).
 10413 | Lair:1   | 10413 ||| Stepping randomly (stuck).
 10414 | Lair:1   | 10414 ||| Stepping randomly (stuck).
 10415 | Lair:1   | 10415 ||| Stepping randomly (stuck).
 10416 | Lair:1   | 10416 ||| Stepping randomly (stuck).
 10417 | Lair:1   | 10417 ||| Stepping randomly (stuck).
 10418 | Lair:1   | 10418 ||| Stepping randomly (stuck).
 10419 | Lair:1   | 10419 ||| Stepping randomly (stuck).
 10420 | Lair:1   | 10420 ||| Stepping randomly (stuck).
 10421 | Lair:1   | 10421 ||| Stepping randomly (stuck).
 10422 | Lair:1   | 10422 ||| Stepping randomly (stuck).
 10423 | Lair:1   | 10423 ||| Stepping randomly (stuck).
 10424 | Lair:1   | 10424 ||| Stepping randomly (stuck).
 10425 | Lair:1   | 10425 ||| Stepping randomly (stuck).
 10426 | Lair:1   | 10426 ||| Stepping randomly (stuck).
 10427 | Lair:1   | 10427 ||| Stepping randomly (stuck).
 10428 | Lair:1   | 10428 ||| Stepping randomly (stuck).
 10429 | Lair:1   | 10429 ||| Stepping randomly (stuck).
 10430 | Lair:1   | 10430 ||| Stepping randomly (stuck).
 10431 | Lair:1   | 10431 ||| Stepping randomly (stuck).
 10432 | Lair:1   | 10432 ||| Stepping randomly (stuck).
 10433 | Lair:1   | 10433 ||| Stepping randomly (stuck).
 10434 | Lair:1   | 10434 ||| Stepping randomly (stuck).
 10435 | Lair:1   | 10435 ||| Stepping randomly (stuck).
 10436 | Lair:1   | 10436 ||| Stepping randomly (stuck).
 10437 | Lair:1   | 10437 ||| Stepping randomly (stuck).
 10438 | Lair:1   | 10438 ||| Stepping randomly (stuck).
 10439 | Lair:1   | 10439 ||| Stepping randomly (stuck).
 10440 | Lair:1   | 10440 ||| Stepping randomly (stuck).
 10441 | Lair:1   | 10441 ||| Stepping randomly (stuck).
 10442 | Lair:1   | 10442 ||| Stepping randomly (stuck).
 10443 | Lair:1   | 10443 ||| Stepping randomly (stuck).
 10444 | Lair:1   | 10444 ||| Stepping randomly (stuck).
 10445 | Lair:1   | 10445 ||| Stepping randomly (stuck).
 10446 | Lair:1   | 10446 ||| Stepping randomly (stuck).
 10447 | Lair:1   | 10447 ||| Stepping randomly (stuck).
 10448 | Lair:1   | 10448 ||| Stepping randomly (stuck).
 10449 | Lair:1   | 10449 ||| Stepping randomly (stuck).
 10450 | Lair:1   | 10450 ||| Stepping randomly (stuck).
 10451 | Lair:1   | 10451 ||| Stepping randomly (stuck).
 10452 | Lair:1   | 10452 ||| Stepping randomly (stuck).
 10453 | Lair:1   | 10453 ||| Stepping randomly (stuck).
 10454 | Lair:1   | 10454 ||| Stepping randomly (stuck).
 10455 | Lair:1   | 10455 ||| Stepping randomly (stuck).
 10456 | Lair:1   | 10456 ||| Stepping randomly (stuck).
 10457 | Lair:1   | 10457 ||| Stepping randomly (stuck).
 10458 | Lair:1   | 10458 ||| Stepping randomly (stuck).
 10459 | Lair:1   | 10459 ||| Stepping randomly (stuck).
 10460 | Lair:1   | 10460 ||| Stepping randomly (stuck).
 10461 | Lair:1   | 10461 ||| Stepping randomly (stuck).
 10462 | Lair:1   | 10462 ||| Stepping randomly (stuck).
 10463 | Lair:1   | 10463 ||| Stepping randomly (stuck).
 10464 | Lair:1   | 10464 ||| Stepping randomly (stuck).
 10465 | Lair:1   | 10465 ||| Stepping randomly (stuck).
 10466 | Lair:1   | 10466 ||| Stepping randomly (stuck).
 10467 | Lair:1   | 10467 ||| Stepping randomly (stuck).
 10468 | Lair:1   | 10468 ||| Stepping randomly (stuck).
 10469 | Lair:1   | 10469 ||| Stepping randomly (stuck).
 10470 | Lair:1   | 10470 ||| Stepping randomly (stuck).
 10471 | Lair:1   | 10471 ||| Stepping randomly (stuck).
 10472 | Lair:1   | 10472 ||| Stepping randomly (stuck).
 10473 | Lair:1   | 10473 ||| Stepping randomly (stuck).
 10474 | Lair:1   | 10474 ||| Stepping randomly (stuck).
 10475 | Lair:1   | 10475 ||| Stepping randomly (stuck).
 10476 | Lair:1   | 10476 ||| Stepping randomly (stuck).
 10477 | Lair:1   | 10477 ||| Stepping randomly (stuck).
 10478 | Lair:1   | 10478 ||| Stepping randomly (stuck).
 10479 | Lair:1   | 10479 ||| Stepping randomly (stuck).
 10480 | Lair:1   | 10480 ||| Stepping randomly (stuck).
 10481 | Lair:1   | 10481 ||| Stepping randomly (stuck).
 10482 | Lair:1   | 10482 ||| Stepping randomly (stuck).
 10483 | Lair:1   | 10483 ||| Stepping randomly (stuck).
 10484 | Lair:1   | 10484 ||| Stepping randomly (stuck).
 10485 | Lair:1   | 10485 ||| Stepping randomly (stuck).
 10486 | Lair:1   | 10486 ||| Stepping randomly (stuck).
 10487 | Lair:1   | 10487 ||| Stepping randomly (stuck).
 10488 | Lair:1   | 10488 ||| Stepping randomly (stuck).
 10489 | Lair:1   | 10489 ||| Stepping randomly (stuck).
 10490 | Lair:1   | 10490 ||| Stepping randomly (stuck).
 10491 | Lair:1   | 10491 ||| Stepping randomly (stuck).
 10492 | Lair:1   | 10492 ||| Stepping randomly (stuck).
 10493 | Lair:1   | 10493 ||| Stepping randomly (stuck).
 10494 | Lair:1   | 10494 ||| Stepping randomly (stuck).
 10495 | Lair:1   | 10495 ||| Stepping randomly (stuck).
 10496 | Lair:1   | 10496 ||| Stepping randomly (stuck).
 10497 | Lair:1   | 10497 ||| Stepping randomly (stuck).
 10498 | Lair:1   | 10498 ||| Stepping randomly (stuck).
 10499 | Lair:1   | 10499 ||| Stepping randomly (stuck).
 10500 | Lair:1   | 10500 ||| Stepping randomly (stuck).
 10501 | Lair:1   | 10501 ||| Stepping randomly (stuck).
 10502 | Lair:1   | 10502 ||| Stepping randomly (stuck).
 10503 | Lair:1   | 10503 ||| Stepping randomly (stuck).
 10504 | Lair:1   | 10504 ||| Stepping randomly (stuck).
 10505 | Lair:1   | 10505 ||| Stepping randomly (stuck).
 10506 | Lair:1   | 10506 ||| Stepping randomly (stuck).
 10507 | Lair:1   | 10507 ||| Stepping randomly (stuck).
 10508 | Lair:1   | 10508 ||| Stepping randomly (stuck).
 10509 | Lair:1   | 10509 ||| Stepping randomly (stuck).
 10510 | Lair:1   | 10510 ||| Stepping randomly (stuck).
 10511 | Lair:1   | 10511 ||| Stepping randomly (stuck).
 10512 | Lair:1   | 10512 ||| Stepping randomly (stuck).
 10513 | Lair:1   | 10513 ||| Stepping randomly (stuck).
 10514 | Lair:1   | 10514 ||| Stepping randomly (stuck).
 10515 | Lair:1   | 10515 ||| Stepping randomly (stuck).
 10516 | Lair:1   | 10516 ||| Stepping randomly (stuck).
 10517 | Lair:1   | 10517 ||| Stepping randomly (stuck).
 10518 | Lair:1   | 10518 ||| Stepping randomly (stuck).
 10519 | Lair:1   | 10519 ||| Stepping randomly (stuck).
 10520 | Lair:1   | 10520 ||| Stepping randomly (stuck).
 10521 | Lair:1   | 10521 ||| Stepping randomly (stuck).
 10522 | Lair:1   | 10522 ||| Stepping randomly (stuck).
 10523 | Lair:1   | 10523 ||| Stepping randomly (stuck).
 10524 | Lair:1   | 10524 ||| Stepping randomly (stuck).
 10525 | Lair:1   | 10525 ||| Stepping randomly (stuck).
 10526 | Lair:1   | 10526 ||| Stepping randomly (stuck).
 10527 | Lair:1   | 10527 ||| Stepping randomly (stuck).
 10528 | Lair:1   | 10528 ||| Stepping randomly (stuck).
 10529 | Lair:1   | 10529 ||| Stepping randomly (stuck).
 10530 | Lair:1   | 10530 ||| Stepping randomly (stuck).
 10531 | Lair:1   | 10531 ||| Stepping randomly (stuck).
 10532 | Lair:1   | 10532 ||| Stepping randomly (stuck).
 10533 | Lair:1   | 10533 ||| Stepping randomly (stuck).
 10534 | Lair:1   | 10534 ||| Stepping randomly (stuck).
 10535 | Lair:1   | 10535 ||| Stepping randomly (stuck).
 10536 | Lair:1   | 10536 ||| Stepping randomly (stuck).
 10537 | Lair:1   | 10537 ||| Stepping randomly (stuck).
 10538 | Lair:1   | 10538 ||| Stepping randomly (stuck).
 10539 | Lair:1   | 10539 ||| Stepping randomly (stuck).
 10540 | Lair:1   | 10540 ||| Stepping randomly (stuck).
 10541 | Lair:1   | 10541 ||| Stepping randomly (stuck).
 10542 | Lair:1   | 10542 ||| Stepping randomly (stuck).
 10543 | Lair:1   | 10543 ||| Stepping randomly (stuck).
 10544 | Lair:1   | 10544 ||| Stepping randomly (stuck).
 10545 | Lair:1   | 10545 ||| Stepping randomly (stuck).
 10546 | Lair:1   | 10546 ||| Stepping randomly (stuck).
 10547 | Lair:1   | 10547 ||| Stepping randomly (stuck).
 10548 | Lair:1   | 10548 ||| Stepping randomly (stuck).
 10549 | Lair:1   | 10549 ||| Stepping randomly (stuck).
 10550 | Lair:1   | 10550 ||| Stepping randomly (stuck).
 10551 | Lair:1   | 10551 ||| Stepping randomly (stuck).
 10552 | Lair:1   | 10552 ||| Stepping randomly (stuck).
 10553 | Lair:1   | 10553 ||| Stepping randomly (stuck).
 10554 | Lair:1   | 10554 ||| Stepping randomly (stuck).
 10555 | Lair:1   | 10555 ||| Stepping randomly (stuck).
 10556 | Lair:1   | 10556 ||| Stepping randomly (stuck).
 10557 | Lair:1   | 10557 ||| Stepping randomly (stuck).
 10558 | Lair:1   | 10558 ||| Stepping randomly (stuck).
 10559 | Lair:1   | 10559 ||| Stepping randomly (stuck).
 10560 | Lair:1   | 10560 ||| Stepping randomly (stuck).
 10561 | Lair:1   | 10561 ||| Stepping randomly (stuck).
 10562 | Lair:1   | 10562 ||| Stepping randomly (stuck).
 10563 | Lair:1   | 10563 ||| Stepping randomly (stuck).
 10564 | Lair:1   | 10564 ||| Stepping randomly (stuck).
 10565 | Lair:1   | 10565 ||| Stepping randomly (stuck).
 10566 | Lair:1   | 10566 ||| Stepping randomly (stuck).
 10567 | Lair:1   | 10567 ||| Stepping randomly (stuck).
 10568 | Lair:1   | 10568 ||| Stepping randomly (stuck).
 10569 | Lair:1   | 10569 ||| Stepping randomly (stuck).
 10570 | Lair:1   | 10570 ||| Stepping randomly (stuck).
 10571 | Lair:1   | 10571 ||| Stepping randomly (stuck).
 10572 | Lair:1   | 10572 ||| Stepping randomly (stuck).
 10573 | Lair:1   | 10573 ||| Stepping randomly (stuck).
 10574 | Lair:1   | 10574 ||| Stepping randomly (stuck).
 10575 | Lair:1   | 10575 ||| Stepping randomly (stuck).
 10576 | Lair:1   | 10576 ||| Stepping randomly (stuck).
 10577 | Lair:1   | 10577 ||| Stepping randomly (stuck).
 10578 | Lair:1   | 10578 ||| Stepping randomly (stuck).
 10579 | Lair:1   | 10579 ||| Stepping randomly (stuck).
 10580 | Lair:1   | 10580 ||| Stepping randomly (stuck).
 10581 | Lair:1   | 10581 ||| Stepping randomly (stuck).
 10582 | Lair:1   | 10582 ||| Stepping randomly (stuck).
 10583 | Lair:1   | 10583 ||| Stepping randomly (stuck).
 10584 | Lair:1   | 10584 ||| Stepping randomly (stuck).
 10585 | Lair:1   | 10585 ||| Stepping randomly (stuck).
 10586 | Lair:1   | 10586 ||| Stepping randomly (stuck).
 10587 | Lair:1   | 10587 ||| Stepping randomly (stuck).
 10588 | Lair:1   | 10588 ||| Stepping randomly (stuck).
 10589 | Lair:1   | 10589 ||| Stepping randomly (stuck).
 10590 | Lair:1   | 10590 ||| Stepping randomly (stuck).
 10591 | Lair:1   | 10591 ||| Stepping randomly (stuck).
 10592 | Lair:1   | 10592 ||| Stepping randomly (stuck).
 10593 | Lair:1   | 10593 ||| Stepping randomly (stuck).
 10594 | Lair:1   | 10594 ||| Stepping randomly (stuck).
 10595 | Lair:1   | 10595 ||| Stepping randomly (stuck).
 10596 | Lair:1   | 10596 ||| Stepping randomly (stuck).
 10597 | Lair:1   | 10597 ||| Stepping randomly (stuck).
 10598 | Lair:1   | 10598 ||| Stepping randomly (stuck).
 10599 | Lair:1   | 10599 ||| Stepping randomly (stuck).
 10600 | Lair:1   | 10600 ||| Stepping randomly (stuck).
 10601 | Lair:1   | 10601 ||| Stepping randomly (stuck).
 10602 | Lair:1   | 10602 ||| Stepping randomly (stuck).
 10603 | Lair:1   | 10603 ||| Stepping randomly (stuck).
 10604 | Lair:1   | 10604 ||| Stepping randomly (stuck).
 10605 | Lair:1   | Quit the game

Levels and vault maps discovered:
D:1:      saegor_arrival_simple_d, layout_basic,
          chequers_ecumenical_altar_simple, minmay_3d_cube
D:2:      layout_basic, serial_shops, shop, minmay_domino_2, uniq_sigmund
D:3:      layout_rooms, general_overflow_altar
D:4:      layout_rooms, nicolae_ru_the_path_less_chosen,
          ebering_ghost_disaster_area, corexii_checkpoint_b,
          chequers_serial_rivers_marsh, minmay_misc_feat_diagonals,
          grunt_decor_junction, grunt_ministairs_10
D:5:      layout_cave_pods, portal_sewer_entry_e
D:6:      layout_gridville, minmay_temple_entry_ruins,
          kennysheep_cross_bottleneck, uniq_menkaure, uniq_eustachio
D:7:      layout_rooms, minmay_misc_feat_plants, uniq_pikel
D:8:      layout_basic, kennysheep_mini, mainiacjoe_overflow_paths,
          chequers_serial_rivers_room_b, minmay_misc_feat_doors, uniq_psyche
D:9:      layout_rooms, nicolae_overflow_crystal_walls
D:10:     layout_roguey, nicolae_gozag_cash_rules_everything_around_me,
          uniq_lodul
D:11:     layout_basic, lair_entry_dummy
Lair:1:   layout_gridlike, beast_lair_carwin_1, serial_bayou_shore_a,
          grunt_megastairs_3
Lair:2:   layout_cave_pods, minmay_swamp_entry_reptiles,
          spider_nest_entry_rubble, minmay_lindwurm_lava

Skill      XL: |  1  2  3  4  5  6  7  8  9 10 11 12 |
---------------+-------------------------------------+-----
Unarmed Combat | 4 6 7 9 10 12 14 15 | 15.0
Shields        | 3 5 6 8 9 10 | 10.1
Fighting       | 3 4 6 |  6.0
Throwing       | 3 4 5 |  5.0
Dodging        | 1 |  1.4
Armour         | 1 |  1.2
Spellcasting   | |  1.0
Fire Magic     | |  2.1

Action                   |  1- 3 |  4- 6 |  7- 9 | 10-12 || total
-------------------------+-------+-------+-------+-------++-------
Melee: Unarmed           |    79 |   132 |   358 |   424 ||   993
       Punch             |     1 |     1 |       |       ||     2
Throw: Boomerang         |       |       |    46 |    19 ||    65
       Javelin           |       |       |     8 |    55 ||    63
Invok: Fiery Armour      |     1 |     1 |     5 |     6 ||    13
  Use: Scroll            |     5 |     6 |    10 |     5 ||    26
       Potion            |       |     3 |     6 |       ||     9
Armor: Robe              |    19 |    19 |    69 |    61 ||   168
Dodge: Dodged            |    24 |    26 |    20 |    20 ||    90
Block: Kite shield       |       |    65 |   392 |   448 ||   905

Table legend:
 A = Non-vault XP
 B = Vault XP
 C = Vault XP percentage of total XP
 D = Non-vault monster count
 E = Vault monster count
 F = Vault count percentage of total count
                 A         B        C        D         E       F
            +---------+---------+-------+---------+---------+-------
      Total |   21614 |    5962 |  21.6 |     258 |      44 |  14.6
            +---------+---------+-------+---------+---------+-------
        D:1 |      54 |       6 |  10.0 |      25 |       4 |  13.8
        D:2 |      42 |     232 |  84.7 |      18 |       2 |  10.0
        D:3 |      47 |       0 |   0.0 |      14 |       0 |   0.0
        D:4 |      71 |      41 |  36.6 |      13 |       4 |  23.5
        D:5 |     863 |      43 |   4.7 |      33 |       8 |  19.5
        D:6 |     816 |     172 |  17.4 |      21 |       1 |   4.5
        D:7 |    1133 |     641 |  36.1 |      27 |       1 |   3.6
        D:8 |    1386 |     322 |  18.9 |      14 |       1 |   6.7
        D:9 |    2314 |       0 |   0.0 |      27 |       0 |   0.0
       D:10 |    1628 |    1558 |  48.9 |       9 |       8 |  47.1
       D:11 |    3481 |       0 |   0.0 |      13 |       0 |   0.0
     Lair:1 |    8220 |    2276 |  21.7 |      40 |      13 |  24.5
     Lair:2 |    1559 |     671 |  30.1 |       4 |       2 |  33.3
            +---------+---------+-------+---------+---------+-------
